 Dungeon Crawl Stone Soup version 0.31-a0-1118-gbca3d03946 (webtiles) character file.

Game seed: 7828013577954043864

1541309 MackTheKnife the Knight (level 27, 248/254 HPs)
             Began as a Demonspawn Reaver on Dec 3, 2023.
             Was a Priest of Okawaru.
             Escaped with the Orb
             ... and 3 runes on Dec 4, 2023!
             The game lasted 02:46:22 (86314 turns).

MackTheKnife the Knight (Demonspawn Reaver)        Turns: 86314, Time: 02:46:23

Health: 248/254    AC: 44    Str: 26    XL:     27
Magic:  33/38      EV: 15    Int: 27    God:    Okawaru [***...]
Gold:   8540       SH: 20    Dex: 22    Spells: 29/42 levels left

rFire   + + .        a - +9 broad axe (heavy) {axe}
rCold   + . .        I - +5 kite shield {AC+3}
rNeg    + . .        y - +4 crystal plate armour "Cionethre" {Rampage rElec Regen+ Dex+2, rare=g}
rPois   +            (helmet unavailable)
rElec   +            h - +2 cloak {Will+}
rCorr   .            K - +1 pair of gloves of Subboone {Rampage rPois Int+6 Stlth-}
SInv    +            B - +2 pair of boots {Fly}
Will    +++++        U - amulet of Uvihatot {Spirit Str+2} Stlth
                     D - ring "Siroott" {rF+ rC+ Will+ Dex+5, =R}
HPRegen 1.42/turn    c - ring of Pragmatism {*Corrode rF+ rN+ Will+ Str+2}
MPRegen 0.26/turn

%: corrode self (3%), clarity, guardian spirit, rampage, wizardry (x1)
@: finesse-ful, flying, studying Ranged Weapons
A: antennae 3, foul stench 3, spiny 3, big brain 3, corrupting presence 2, word
of chaos, camouflage 1, clarity, passive freeze, robust 1, inhibited
regeneration
0: Orb of Zot
}: 3/15 runes: decaying, serpentine, silver
a: Word of Chaos, Renounce Religion, Heroism


You escaped.
You worshipped Okawaru.
Okawaru was most pleased with you.
You visited 11 branches of the dungeon, and saw 51 of its levels.
You also visited: Bailey, Ice Cave and Desolation.

You collected 14690 gold pieces.
You spent 6150 gold pieces at shops.


Innate Abilities, Weirdness & Mutations

You have a pair of large antennae on your head. (SInv)
You frequently emit foul miasma when damaged in melee.
You are completely covered in sharp spines.
You have an absolutely massive brain. (Int +6, Wiz)
Your presence sometimes corrodes or deforms those you injure.
You can speak a Word of Chaos.
Your skin changes colour to match your surroundings (Stealth+).
You possess an exceptional clarity of mind.
A frigid envelope surrounds you and freezes all who hurt you.
You are robust. (+10% HP)
You do not regenerate when monsters are visible.


   Skills:
 - Level 22.0 Fighting
 - Level 17.5(18.0) Axes
 - Level 7.0(13.2) Maces & Flails
 - Level 20.0 Armour
 - Level 16.0 Dodging
 - Level 2.0 Stealth
 - Level 15.0 Shields
 - Level 8.0 Spellcasting
 - Level 10.4 Conjurations
 - Level 2.7 Translocations
 - Level 8.4 Transmutations
 - Level 12.0 Ice Magic
 - Level 10.3 Air Magic
 + Level 22.3 Invocations
 - Level 4.0 Evocations


You had 29 spell levels left.
You knew the following spells:

 Your Spells              Type           Power      Damage    Failure   Level
a - Kiss of Death         Conj/Necr      100%       2d13      4%          1
b - Momentum Strike       Conj/Tloc      92%        3d10      4%          2
c - Wereblood             Tmut           54%        N/A       1%          2
d - Freezing Cloud        Conj/Ice/Air   31%        6-21      13%         5
e - Ozocubu's Armour      Ice            66%        N/A       1%          3

Your spell library contained the following spells:

 Spells                   Type           Power      Damage    Failure   Level
 Freeze                   Ice            100%       1d10      1%          1
 Magic Dart               Conj           100%       1d8       1%          1
 Shock                    Conj/Air       100%       1d9       1%          1
 Static Discharge         Conj/Air       100%       3-8/arc   1%          2
 Frozen Ramparts          Ice            100%       1d16      1%          3
 Hailstorm                Conj/Ice       63%        3d12      1%          3
 Swiftness                Air            61%        N/A       1%          3
 Foxfire                  Conj/Fire      100%       2x1d9     4%          1
 Ensorcelled Hibernation  Hex/Ice        86%        N/A       5%          2
 Airstrike                Air            30%        2d(5-21)  6%          4
 Mephitic Cloud           Conj/Pois/Air  48%        N/A       8%          3
 Passwall                 Tmut/Erth      27%        N/A       12%         2
 Dazzling Flash           Conj/Hex       76%        N/A       16%         3
 Iskenderun's Battlesphe  Conj           61%        2d11      16%         5
 Blink                    Tloc           50%        N/A       21%         2
 Lesser Beckoning         Tloc           50%        N/A       21%         2
 Irradiate                Conj/Tmut      28%        3d21      24%         5
 Iskenderun's Mystic Bla  Conj/Tloc      46%        2d10      26%         4
 Gell's Gravitas          Tloc           25%        N/A       36%         3
 Ignite Poison            Fire/Tmut/Pois 25%        N/A       36%         3
 Teleport Other           Tloc           25%        N/A       36%         3
 Necrotise                Necr           40%        1d6       38%         1
 Slow                     Hex            40%        N/A       38%         1
 Flame Wave               Conj/Fire      38%        2d10      43%         4
 Fulminant Prism          Conj/Hex       19%        3d10      43%         4
 Jinxbite                 Hex            20%        N/A       50%         2
 Sublimation of Blood     Necr           10%        N/A       50%         2
 Volatile Blastmotes      Fire/Tloc      36%        2d13      54%         3
 Petrify                  Tmut/Erth      33%        N/A       56%         4
 Metabolic Englaciation   Hex/Ice        21%        N/A       65%         5
 Confusing Touch          Hex            10%        N/A       73%         3
 Inner Flame              Hex/Fire       10%        N/A       73%         3
 Vampiric Draining        Necr           10%        2d6       73%         3
 Passage of Golubria      Tloc           25%        N/A       75%         4
 Fireball                 Conj/Fire      19%        3d9       77%         5
 Alistair's Intoxication  Tmut/Pois      22%        N/A       87%         5
 Yara's Violent Unravell  Hex/Tmut       16%        3d8       87%         5
 Dimensional Bullseye     Hex/Tloc       9%         N/A       90%         4
 Ozocubu's Refrigeration  Ice            33%        4d14      91%         7
 Anguish                  Hex/Necr       5%         N/A       98%         4
 Cause Fear               Hex            5%         N/A       98%         4
 Dispel Undead            Necr           10%        3d9       98%         4
 Plasma Beam              Fire/Air       19%        2x1d30    99%         6
 Starburst                Conj/Fire      19%        6d7       99%         6
 Orb of Destruction       Conj           30%        9d10      99%         7
 Borgnjor's Vile Clutch   Necr/Erth      5%         N/A       100%        5
 Dispersal                Tloc           12%        N/A       100%        6
 Eringya's Noxious Bog    Tmut/Pois      16%        4d6       100%        6
 Ignition                 Fire           5%         3d4       100%        8
 Maxwell's Capacitive Co  Air            30%        ∞         100%        8
 Death's Door             Necr           5%         N/A       100%        9
 Fire Storm               Conj/Fire      19%        8d5       100%        9
 Polar Vortex             Ice            33%        12d4*     100%        9
 Summon Lightning Spire   Summ/Air       Unusable   N/A       N/A         4
 Call Imp                 Summ           Unusable   N/A       N/A         2
 Call Canine Familiar     Summ           Unusable   N/A       N/A         3
 Summon Guardian Golem    Hex/Summ       Unusable   N/A       N/A         3
 Tukima's Dance           Hex            Unusable   N/A       N/A         3
 Animate Dead             Necr           Unusable   N/A       N/A         4
 Simulacrum               Ice/Necr       Unusable   N/A       N/A         6
 Summon Mana Viper        Hex/Summ       Unusable   N/A       N/A         5
 Death Channel            Necr           Unusable   N/A       N/A         6
 Summon Cactus Giant      Summ           Unusable   N/A       N/A         6
 Haunt                    Necr/Summ      Unusable   N/A       N/A         7
 Spellforged Servitor     Conj/Summ      Unusable   N/A       N/A         7
 Summon Hydra             Summ           Unusable   N/A       N/A         7
 Dragon's Call            Summ           Unusable   N/A       N/A         9

Inventory:

Hand Weapons
 a - a +9 heavy broad axe (weapon) {axe}
   (Okawaru gifted it to you on level 5 of the Lair of Beasts)
 e - a +7 broad axe of flaming {axe}
   (You found it on level 5 of the Vaults)
 l - the +4 mace "Rais" {drain, rElec Str+3, mace}
   (You found it on level 3 of the Realm of Zot)

   Str+3:     It affects your strength (+3).
   rElec:     It insulates you from electricity.
Armour
 h - a +2 cloak of willpower (worn)
   (You took it off a draconian shifter on level 1 of the Realm of Zot)
 y - the +4 crystal plate armour "Cionethre" (worn) {Rampage rElec Regen+ Dex+2, rare=g}
   (You found it on level 3 of the Crypt)

   Dex+2:     It affects your dexterity (+2).
   rElec:     It insulates you from electricity.
   Regen+:    It increases your rate of health regeneration.
   Rampage:   It bestows one free step when moving towards enemies.
 B - a +2 pair of boots of flying (worn)
   (You acquired it on level 4 of the Swamp)
 I - a +5 kite shield of protection (worn)
   (You took it off a naga warrior on level 1 of the Snake Pit)
 K - the +1 pair of gloves of Subboone (worn) {Rampage rPois Int+6 Stlth-}
   (You found it on level 5 of the Vaults)

   Int+6:     It affects your intelligence (+6).
   rPois:     It protects you from poison Rampage: It bestows one free step when
   moving towards enemies.
   Stlth-:    It makes you less stealthy.
Jewellery
 c - the ring of Pragmatism (right hand) {*Corrode rF+ rN+ Will+ Str+2}
   (You bought it in a shop on level 1 of the Dungeon)

   [ring of willpower]

   Str+2:     It affects your strength (+2).
   rF+:       It protects you from fire.
   rN+:       It protects you from negative energy.
   Will+:     It increases your willpower.
   *Corrode:  It may corrode you when you take damage.
 t - the amulet of Ilozes {rF+ Will+++ Regen+ Dex-2 Slay+3}
   (You found it in the Desolation of Salt)

   [amulet of regeneration]

   Dex-2:     It affects your dexterity (-2).
   Slay+3:    It affects your accuracy & damage with ranged weapons and melee
   (+3).
   rF+:       It protects you from fire.
   Will+++:   It greatly increases your willpower.
   Regen+:    It increases your rate of health regeneration.
 D - the ring "Siroott" (left hand) {rF+ rC+ Will+ Dex+5, =R}
   (You found it on level 2 of the Orcish Mines)

   [ring of protection from fire]

   Dex+5:     It affects your dexterity (+5).
   rF+:       It protects you from fire.
   rC+:       It protects you from cold.
   Will+:     It increases your willpower.
 U - the amulet of Uvihatot (around neck) {Spirit Str+2}
   (You found it in an ice cave)

   [amulet of guardian spirit]

   Spirit:    It causes incoming damage to be divided between your reserves of
   health and magic.
   Str+2:     It affects your strength (+2).
 Z - a ring of positive energy
   (You took it off a vault guard on level 5 of the Vaults)
Wands
 f - a wand of flame (146)
   (You found it on level 3 of the Lair of Beasts)
 A - a wand of paralysis (81)
   (You found it on level 7 of the Dungeon)
 H - a wand of mindburst (39)
   (You found it on level 12 of the Dungeon)
 L - a wand of iceblast (66)
   (You found it on level 1 of the Lair of Beasts)
 N - a wand of quicksilver (36)
   (You found it on level 1 of the Lair of Beasts)
 P - a wand of digging (1)
   (You bought it in a shop on level 2 of the Orcish Mines)
Scrolls
 d - 2 scrolls of enchant armour
 g - 6 scrolls of teleportation {@r4}
 m - 5 scrolls of silence {!r}
 n - 10 scrolls of vulnerability {!r!r}
 s - 9 scrolls of immolation {!r!r}
 w - 8 scrolls of fear
 F - 8 scrolls of fog
 R - 6 scrolls of blinking {!r}
 V - 38 scrolls of identify {@r1}
 X - 3 scrolls of poison {!r}
Potions
 b - a potion of ambrosia
 i - 8 potions of enlightenment
 j - 7 potions of haste {@q3}
 k - 2 potions of might
 r - 3 potions of mutation {!q}
 u - 16 potions of curing {@q1}
 v - 5 potions of brilliance
 z - 3 potions of berserk rage {!q}
 J - 4 potions of magic
 Q - 11 potions of heal wounds {@q2}
 Y - 2 potions of cancellation
Miscellaneous
 C - a lightning rod (4/4)
   (You found it on level 2 of the Orcish Mines)
 G - a tin of tremorstones (2/2) {throwing}
   (You found it on level 2 of the Orcish Mines)
 S - a phial of floods
   (You found it on level 13 of the Dungeon)

Dungeon Overview and Level Annotations

Branches:
Dungeon (15/15)            Temple (1/1) D:6            Lair (5/5) D:10
  Swamp (4/4) Lair:2        Snake (4/4) Lair:2        Slime (0/5) Lair:5
    Orc (2/2) D:9             Elf (3/3) Orc:2        Vaults (5/5) D:13
  Crypt (3/3) Vaults:2       Tomb (0/3) Crypt:3      Depths (4/4) D:15
    Zot (5/5) Depths:4     Bailey (visited)           IceCv (visited)
Desolation (visited)

Altars:
Ashenzari
Cheibriados
Dithmenos
Fedhas
Gozag
Hepliaklqana
Kikubaaqudgha
Makhleb
Nemelex Xobeh
Okawaru
Qazlal
Ru
Sif Muna
Trog
Uskayaw
Vehumet
Wu Jian
Xom
Yredelemnul

Shops:
D:1 =   D:5 :   D:12 (   D:13 (   D:14 :   Orc:2 (***(   Vaults:2 *
Vaults:3 *   Vaults:4 *   Depths:1 (

Portals:
Hell: Depths:1 Depths:2 Depths:3 Depths:4
Abyss: Depths:3
Pandemonium: Depths:2 Depths:3
Ziggurat: Depths:2

Annotations:
D:7 1 runed translucent door, snipermoke's ghost, novice DsGl
D:11 2 transporters, KimchiStew's ghost, novice DrCj
Lair:4 2 transporters, KimchiStew's ghost, journeyman OpSh
Lair:5 exclusion: oklob plant
Swamp:3 Donald
Elf:2 5 runed translucent doors
Elf:3 Roxanne
Vaults:2 exclusion: downstairs
Vaults:3 6 runed translucent doors, Mennas
Depths:4 6 runed translucent doors

.......#
#.....####.#.#.)....
######## #.....#
#.#.#...... #.8.8.#
#..>#.).... #.....#
#####......
##.....## #......
#..8.8..# #......
##.....## #......
#8.....8# #......
#...@...# #......
######### #......
#...... #######


There were no monsters in sight!


Message History

You feel like a meek peon again.
You fly upwards.
There is a stone staircase leading down here.
There is a stone staircase leading up here.
You fly upwards.
You sense a monster nearby.
There is a stone staircase leading down here.
You sense a monster nearby.
A balrug and 3 sun demons come into view.
The balrug shouts!
The sun demon shouts! x3
You rampage towards the sun demon!
A sun demon comes into view.
The sun demon shouts!
The sun demon closely misses you. You block the sun demon's attack.
You chop the balrug into pieces!!! You slash the sun demon!
You hit the sun demon but do no damage. You slice the sun demon!!
You block the balrug's attack. You block the sun demon's attack. x2
The sun demon hits you but does no damage.
The sun demon is frozen!
The sun demon is very cold.
You slash the balrug! You hit the sun demon. You closely miss the sun demon. x2
The sun demon hits you but does no damage.
The sun demon is frozen!
The sun demon is very cold.
You block the balrug's attack. You block the sun demon's attack. x2
The sun demon is struck by your spines. The sun demon closely misses you.
The sun demon hits you but does no damage.
The sun demon is frozen!
The sun demon is very cold.
The sun demon completely misses you. The balrug is struck by your spines.
You kill the balrug!
Okawaru accepts your kill.
You can now speed up your combat.
You carve the sun demon like a ham!!!
You kill the sun demon!
Okawaru accepts your kill.
You slash the sun demon! You completely miss the sun demon.
The sun demon is struck by your spines.
The sun demon hits you but does no damage.
The sun demon is frozen!
The sun demon is very cold.
You block the sun demon's attack.
You slash the sun demon! You barely miss the sun demon.
You hit the sun demon but do no damage. You block the sun demon's attack.
The sun demon hits you but does no damage.
The sun demon is frozen!
The sun demon is very cold.
The sun demon twists and deforms.
You block the sun demon's attack. x2
You barely miss the sun demon. You closely miss the sun demon.
You barely miss the sun demon. You block the sun demon's attack. x3
The sun demon closely misses you. The sun demon is struck by your spines.
You kill the sun demon!
Okawaru accepts your kill.
You slice the sun demon!!
You kill the sun demon!
Okawaru accepts your kill.
You slice the sun demon!!
Your corrupting presence corrodes the sun demon!
The sun demon barely misses you.
You slash the sun demon! You block the sun demon's attack.
You barely miss the sun demon. You block the sun demon's attack.
The sun demon is struck by your spines. The sun demon barely misses you.
You chop the sun demon into pieces!!!
You kill the sun demon!
Okawaru accepts your kill.
What level of the Dungeon? (default 1, ? - help) You're already here!
A hellion comes into view.
The hellion gives a hideous shriek!
The hellion gestures at you.
The sphere of damnation explodes!
The damnation engulfs you!! 😕 HP[-26] MP[-4]
You take 26 damage, and now have 228/254 hp.
You lost 4 mp, and now have 34/38 mp.
You rampage towards the hellion!
You block the hellion's attack.
You open the hellion like a pillowcase!!!
You kill the hellion!
Okawaru accepts your kill. 😕 HP[+2]
You regained 2 hp, and now have 230/254 hp.
No target in view!
No target in view!
There is an open door here. 😕 HP[+1] MP[+1] 😕 HP[+1] 😕 HP[+2]
You regained 2 hp, and now have 234/254 hp.
You can now deal lightning-fast blows.
You can no longer speed up your combat. 😕 HP[+1] MP[-5]
You lost 5 mp, and now have 30/38 mp. 😕 HP[+2] MP[+1]
You regained 2 hp, and now have 237/254 hp. 😕 HP[+1] 😕 HP[+1] 😕 HP[+2]
You regained 2 hp, and now have 241/254 hp. 😕 HP[+1] MP[+1] 😕 HP[+2]
You regained 2 hp, and now have 244/254 hp. 😕 HP[+1]
There is a staircase leading out of the dungeon here. 😕 HP[+2]
You regained 2 hp, and now have 247/254 hp.
You have escaped!

Skill      XL: |  1  2  3  4  5  6  7  8  9 10 11 12 13 14 15 16 17 18 19 20 21 22 23 24 25 26 27 |
---------------+----------------------------------------------------------------------------------+-----
Stealth        | 1 2 |  2.0
Maces & Flails | 3 4 6 7 |  7.0
Fighting       | 3 4 6 9 12 14 16 17 20 21 22 | 22.0
Translocations | 1 2 |  2.7
Conjurations   | 4 8 9 10 | 10.4
Axes           | 6 10 11 13 15 17 | 17.5
Shields        | 3 6 8 11 12 13 15 | 15.0
Invocations    | 7 10 20 22 | 22.3
Dodging        | 4 6 9 12 15 16 | 16.0
Armour         | 4 6 13 16 18 19 20 | 20.0
Evocations     | 4 |  4.0
Transmutations | 6 8 |  8.4
Spellcasting   | 4 5 6 7 8 |  8.0
Ice Magic      | 3 8 9 10 12 | 12.0
Air Magic      | 3 8 9 10 | 10.3

Action                     |  1- 3 |  4- 6 |  7- 9 | 10-12 | 13-15 | 16-18 | 19-21 | 22-24 | 25-27 || total
---------------------------+-------+-------+-------+-------+-------+-------+-------+-------+-------++-------
  Melee: Mace              |    75 |     2 |       |       |       |       |       |       |       ||    77
         Flail             |       |   110 |    51 |       |       |       |       |       |       ||   161
         Punch             |       |       |     4 |     2 |       |       |       |       |       ||     6
         War axe           |       |       |   173 |   705 |   318 |       |       |       |       ||  1196
         Broad axe         |       |       |       |       |   706 |  1032 |  1184 |  1465 |  1098 ||  5485
  Throw: Dart              |     4 |    13 |    51 |     9 |     7 |       |       |       |       ||    84
   Cast: Momentum Strike   |       |       |     7 |     1 |       |       |       |       |       ||     8
         Wereblood         |       |       |       |       |       |    25 |    26 |    24 |    13 ||    88
         Freezing Cloud    |       |       |       |       |       |       |    22 |     1 |       ||    23
         Ozocubu's Armour  |       |       |       |       |       |       |       |     1 |     8 ||     9
 Invoke: Heroism           |       |       |       |     4 |    19 |    28 |    23 |    37 |    18 ||   129
         Receive Weapon    |       |       |       |       |     1 |       |       |       |       ||     1
         Receive Armour    |       |       |       |       |     1 |       |       |       |       ||     1
         Finesse           |       |       |       |       |     7 |    11 |    14 |    15 |    15 ||    62
         Duel              |       |       |       |       |       |       |       |       |     1 ||     1
Ability: Word of Chaos     |       |       |       |       |       |       |       |       |     2 ||     2
  Evoke: Wand              |       |       |     5 |    15 |    24 |     9 |    18 |       |     9 ||    80
         Lightning rod     |       |       |       |       |     4 |     6 |     4 |       |       ||    14
         Tin of tremorston |       |       |       |       |     2 |     4 |     1 |       |       ||     7
    Use: Scroll            |     2 |     1 |     8 |    10 |    19 |    13 |     5 |    14 |    12 ||    84
         Potion            |       |     1 |     1 |    12 |    14 |     6 |     2 |     2 |     7 ||    45
   Stab: Sleeping          |     5 |     1 |     2 |     1 |     4 |     7 |     5 |       |       ||    25
         Distracted        |       |     1 |     1 |     1 |     3 |       |     3 |     1 |     1 ||    11
         Paralysed         |       |       |     5 |    17 |     5 |     3 |     2 |       |       ||    32
         Invisible         |       |       |       |     1 |     4 |       |       |       |     4 ||     9
 Armour: Leather armour    |    36 |    71 |    66 |       |   425 |   644 |   362 |       |       ||  1604
         Ring mail         |       |       |   106 |   467 |   246 |       |       |       |       ||   819
         Plate armour      |       |       |       |       |       |       |   222 |   971 |    87 ||  1280
         Crystal plate arm |       |       |       |       |       |       |       |       |   987 ||   987
  Dodge: Dodged            |    31 |    69 |   117 |   222 |   701 |  1066 |   691 |   724 |   556 ||  4177
  Block: Kite shield       |       |       |       |   238 |   157 |       |   468 |  1573 |  1266 ||  3702
         Buckler           |       |       |       |       |   262 |   383 |   146 |       |       ||   791

Levels and vault maps discovered:
D:1:      elethiomel_arrival_quiet, layout_basic, serial_shops, shop,
          shapermc_ecumenical_altar_hornbeckon, serial_bayou_lake_a
D:2:      layout_rooms
D:3:      layout_rooms, minmay_vboxes
D:4:      layout_loops_ring
D:5:      layout_cave_pools, grunt_ministairs_13, nicolae_custom_books
D:6:      layout_cave_pools, nicolae_tso_swordbearing_angel,
          minmay_temple_entry_butterflies, chequers_serial_rivers_small_3,
          uniq_menkaure, uniq_crazy_yiuf_cottage
D:7:      layout_cave_pods, mainiacjoe_overflow_concentric_impassable,
          ebering_ghost_reflecting_pool, roderic_roman_lattice,
          dreamdust_wishing_well
D:8:      layout_loops_cross, serial_undead, serial_undead_b, serial_undead_c,
          serial_undead_a, serial_undead_c
D:9:      layout_irregular_city, nemelex_xobeh_ov_fountains_minmay, erik_orc_4
D:10:     layout_layer_cave, hellmonk_lair_entry_icy, special_room
          [special_room_bee], enter_bailey_3, uniq_psyche
D:11:     layout_irregular_city, gammafunk_ghost_berserking_beasts
D:12:     layout_loops_corners, serial_shops, nicolae_shop_pleasant_corner_grove
D:13:     layout_basic, david_vaults_3, serial_shops, shop, nrook_mini_vaults,
          kiku_gazebo_garden_becter
D:14:     layout_cross, hangedman_decor_diamond_cutter, serial_shops,
          nicolae_shop_mannequins, uniq_agnes
D:15:     gammafunk_enter_depths_forms, layout_basic, minmay_misc_feat_cross,
          cheibriados_altar_1
Temple:   compressed_dpeg_triangle_lava_temple
Lair:1:   layout_cave_pods, basic_altar
Lair:2:   layout_regular_city, mainiacjoe_swamp_entry_lozenge_pond,
          minmay_snake_entry_six_corridors, portal_ice_cave_entry_ice_simulacra,
          nicolae_lair_grove_arrangements, uniq_gastronok
Lair:3:   layout_regular_city, bobbens_dragon_lair_wall,
          infiniplex_staircase_pool, grunt_megastairs_4
Lair:4:   layout_loops_ring, gammafunk_ghost_abyssal_escape,
          nicolae_lair_liquid_snakes, uniq_rupert
Lair:5:   evilmike_catoblepas_cave, layout_cave_pods, slime_entry_1, tgw_fedhas,
          uniq_urug
Swamp:1:  layout_basic_swamp, nicolae_swamp_ascending_descending_big
Swamp:2:  layout_basic_swamp, evilmike_swamp_ruin_house_4,
          nicolae_swamp_decorative_isthmus
Swamp:3:  layout_basic_swamp, basic_altar, uniq_donald
Swamp:4:  swamp_basic_johnstein, layout_basic_swamp, swamp_pool_4
Snake:1:  layout_grid_maze, basic_altar, nicolae_snake_scaly_snakehead,
          uniq_louise
Snake:2:  layout_chambers, nicolae_snake_round_shape_thing, uniq_saint_roka,
          uniq_vashnia
Snake:3:  layout_onion, grunt_megastairs_3
Snake:4:  grunt_snake_rune_serpentine_throne, layout_cave_town, uniq_mara,
          uniq_bai_suzhen, uniq_mlioglotl
Orc:1:    layout_caves
Orc:2:    st_orc_mages, layout_diamond_mine, basic_altar, serial_shops,
          nicolae_shop_tiny_real_fake_doors, gammafunk_ghost_cemetery,
          uniq_snorg
Elf:1:    elf_arrival_002, layout_loops_corners, nicolae_elf_crossing_hall
Elf:2:    elven_hall_of_blades_hangedman_alternative
          [nicolae_vaults_blade_armed_guards], layout_geoelf_octagon,
          wad_dig_loot, uniq_nikola
Elf:3:    minmay_elf_hall_x, layout_gridlike, kennysheep_underground_church,
          hangedman_decor_cross_pass, uniq_roxanne
Vaults:1: nicolae_vaults_closet_pinwheel_5, nicolae_vaults_little_squares_5,
          nicolae_vaults_shelves_hall, nicolae_vaults_shrinking_rooms_1,
          ontoclasm_vaults_ring_small, ontoclasm_vaults_pinch,
          vaults_standard_mumra_x, hangedman_vaults_maws,
          grunt_vaults_hallway_short, nicolae_vaults_variable_pillar_hall,
          nicolae_vaults_mini_display_case, v_misc_26,
          vaults_dpeg_emergency_exit, layout_vaults_omnicross
Vaults:2: nicolae_vaults_halls_meeting, minmay_crypt_entry_necro_gods,
          dpeg_vaults_monster_box, nicolae_vaults_tetromino_Z_1,
          ontoclasm_vaults_decontamination, minmay_orc_keep,
          nicolae_vaults_house_3, ontoclasm_vaults_fault,
          layout_vaults_big_room, serial_shops, nicolae_shop_hallway_plus
Vaults:3: advil_vaults_ghost_lines, nicolae_vaults_corridor_and_loot_room,
          grunt_vaults_swirl, v_alt_pattern_2, hangedman_vaults_river_flow,
          nicolae_vaults_apartment_2, ontoclasm_vaults_hangar,
          nicolae_vaults_network_quinsquares
          [nicolae_vaults_network_quincunx_subvault,
          nicolae_vaults_network_quincunx_subvault,
          nicolae_vaults_network_quincunx_subvault,
          nicolae_vaults_network_quincunx_subvault], v_misc_33,
          nicolae_vaults_trapezoid_lopsided_1, vaults_room_door_ring,
          vaults_dpeg_hooks, nicolae_vaults_specimen_jars,
          layout_vaults_omnibox, serial_shops, shop, uniq_mennas, uniq_frederick
Vaults:4: portal_desolation_entry_nicolae_slug, nicolae_vaults_house_3,
          nicolae_vaults_big_ls, nicolae_vaults_big_angled_halls,
          nicolae_vaults_trapezoid_2, vaults_room_corners,
          vaults_room_door_hall, ontoclasm_vaults_ligature,
          hangedman_vaults_variations, hangedman_vaults_trim,
          nicolae_vaults_turnstiles, nicolae_vaults_double_plus_1, st_squares,
          v_misc_24, layout_vaults_maze_snakey, serial_shops, shop
Vaults:5
Crypt:1:  layout_rooms, item_on_display_a
Crypt:2:  layout_chaotic_city, hellmonk_scarab_ruin
Crypt:3:  grunt_crypt_end_deaths_head
Depths:1: layout_gridlike, lightli_too_deep, nicolae_water_bricks, serial_shops,
          shop, trog_three_pillars_becter, nicolae_triple_integral
Depths:2: giant_chief_lemuel, layout_cave_pools, enter_ziggurat_e,
          hangedman_decor_clover_reticule, hangedman_geh_valley,
          rand_demon_pan_entry_7, dk_noncrumbling_2, uniq_aizul, uniq_josephina
Depths:3: hangedman_box_tower, layout_cave_pools, hell_entry,
          nicolae_ashenzari_panopticon, abyss_entry, grunt_pan_entry_spiral,
          nicolae_gozag_seed_capital, uniq_parghit
Depths:4: evilmike_zot_entry_castle, layout_small_grid, hell_entry,
          serial_bayou_lagoon_a, corner_web_ring, water_boxes_lemuel
Zot:1:    layout_gridlike, regret_index_zotdec_carving_tricks
Zot:2:    layout_gridlike
Zot:3:    layout_twisted_circle, st_large_dragon_hoard_4, grunt_megastairs_5
Zot:4:    regret_index_malice_mire, layout_onion_interference, zot_minivault_1
Zot:5:    layout_misc_corridors

Notes
Turn   | Place    | Note
-------+----------+-------------------------------------------
     0 | D:1      | MackTheKnife the Demonspawn Reaver began the quest for the
                  | Orb.
     0 | D:1      | Reached XP level 1. HP: 16/16 MP: 3/3
     0 | D:1      | magus.rc [v1.9.6]
   125 | D:1      | Reached skill level 1 in Stealth
   310 | D:1      | Gained mutation: You are partially covered in sharp spines.
                  | [demonic ancestry]
   310 | D:1      | Reached XP level 2. HP: 21/22 MP: 5/5
   390 | D:1      | Found Ixalaysch's Jewellery Shoppe.
   439 | D:1      | Reached skill level 2 in Stealth
   500 | D:1      | Found a faded altar of an unknown god.
   633 | D:2      | Reached skill level 3 in Maces & Flails
   649 | D:2      | Gained mutation: You have a pair of small antennae on your
                  | head. [demonic ancestry]
   649 | D:2      | Reached XP level 3. HP: 26/27 MP: 6/6
  1345 | D:3      | Reached skill level 4 in Maces & Flails
  1345 | D:3      | Reached XP level 4. HP: 32/33 MP: 7/7
  1582 | D:3      | magus.rc [v1.9.6]
  1880 | D:3      | Reached XP level 5. HP: 38/38 MP: 8/8
  1894 | D:3      | Reached skill level 5 in Maces & Flails
  2155 | D:3      | magus.rc [v1.9.6]
  2194 | D:4      | magus.rc [v1.9.6]
  2400 | D:4      | You pick up a book of Frost and begin reading...
  2400 | D:4      | You add the spells Freeze and Frozen Ramparts to your
                  | library.
  2445 | D:4      | Reached skill level 6 in Maces & Flails
  2445 | D:4      | Gained mutation: You have a pair of antennae on your head.
                  | [demonic ancestry]
  2445 | D:4      | Reached XP level 6. HP: 42/44 MP: 9/9
  2488 | D:4      | Reached skill level 3 in Fighting
  2536 | D:4      | Learned a level 2 spell: Momentum Strike
  2608 | D:4      | Reached skill level 1 in Translocations
  3183 | D:5      | Entered Level 5 of the Dungeon
  3256 | D:4      | Reached skill level 4 in Conjurations
  3256 | D:4      | Reached XP level 7. HP: 47/52 MP: 10/10
  3309 | D:5      | Reached skill level 2 in Translocations
  3493 | D:5      | You pick up a book of Minor Magic and begin reading...
  3493 | D:5      | You add the spells Magic Dart, Call Imp and Mephitic Cloud
                  | to your library.
  3589 | D:5      | Found Hige's Self-Published Books.
  3816 | D:5      | Reached skill level 4 in Fighting
  4075 | D:5      | Gained mutation: You may rarely emit foul miasma when
                  | damaged in melee. [demonic ancestry]
  4075 | D:5      | Reached XP level 8. HP: 60/60 MP: 11/11
  4095 | D:4      | Reached skill level 7 in Maces & Flails
  4307 | D:5      | Reached skill level 1 in Axes
  4417 | D:5      | Reached skill level 2 in Axes
  4713 | D:6      | Found a runed translucent door.
  4714 | D:6      | Noticed Crazy Yiuf
  4792 | D:6      | Reached skill level 3 in Axes
  4863 | D:6      | Reached skill level 4 in Axes
  5381 | D:6      | Reached skill level 5 in Axes
  5411 | D:6      | Found a staircase to the Ecumenical Temple.
  5420 | Temple   | Entered the Ecumenical Temple
  5427 | Temple   | Became a worshipper of Warmaster Okawaru
  5545 | D:6      | Reached skill level 6 in Axes
  5626 | D:6      | Noticed Menkaure
  5633 | D:6      | HP: 7/60 [Menkaure/nerve-wracking pain (11)]
  5634 | D:6      | Killed Menkaure
  5635 | D:6      | Reached XP level 9. HP: 8/65 MP: 12/12
  6078 | D:6      | Killed Crazy Yiuf
  6383 | D:7      | Noticed a troll
  6398 | D:7      | Killed a troll
  6399 | D:7      | Reached skill level 7 in Axes
  6469 | D:7      | Found an ornate altar of the Wu Jian Council.
  6471 | D:7      | Identified the ring "Nuefad" {Ice rPois MP+9 Str-3 Dex-5}
  6611 | D:7      | Reached * piety under Okawaru
  6681 | D:7      | Reached skill level 8 in Axes
  7005 | D:7      | Reached skill level 9 in Axes
  7168 | D:7      | Found a runed translucent door.
  7173 | D:7      | Noticed snipermoke's ghost (novice DsGl)
  7665 | D:8      | Reached ** piety under Okawaru
  7786 | D:8      | Reached skill level 10 in Axes
  7820 | D:8      | Gained mutation: You are mostly covered in sharp spines.
                  | [demonic ancestry]
  7820 | D:8      | Reached XP level 10. HP: 70/73 MP: 8/13
  8118 | D:8      | Reached skill level 5 in Fighting
  8515 | D:8      | Reached *** piety under Okawaru
  8639 | D:9      | Reached skill level 6 in Fighting
  9032 | D:9      | Reached skill level 11 in Axes
  9256 | D:9      | Reached **** piety under Okawaru
  9427 | D:9      | Reached skill level 1 in Shields
  9518 | D:9      | Found a staircase to the Orcish Mines.
  9791 | D:9      | Found a sparkling altar of Nemelex Xobeh.
  9905 | D:10     | Entered Level 10 of the Dungeon
  9917 | D:10     | Reached skill level 2 in Shields
  9927 | D:10     | Reached skill level 3 in Shields
  9955 | D:10     | Reached XP level 11. HP: 62/81 MP: 14/14
  9958 | D:10     | Reached skill level 4 in Shields
 10088 | D:10     | Reached skill level 5 in Shields
 10156 | D:10     | Found a flagged portal.
 10165 | Bailey   | Entered a bailey
 10322 | Bailey   | HP: 16/81 [orc warrior/+0 battleaxe (14)]
 10323 | Bailey   | Reached ***** piety under Okawaru
 10324 | Bailey   | Reached skill level 6 in Shields
 10553 | Bailey   | Found a burning altar of Makhleb.
 10812 | D:10     | You pick up a book of Unlife and begin reading...
 10850 | D:10     | Reached skill level 1 in Invocations
 10851 | D:10     | Found a staircase to the Lair.
 10994 | D:1      | Bought a ring of willpower for 325 gold pieces
 10994 | D:1      | Bought the ring of Pragmatism {*Corrode rF+ rN+ Will+
                  | Str+2} for 543 gold pieces
 11118 | D:10     | Noticed Psyche
 11293 | D:9      | Reached skill level 2 in Invocations
 11399 | D:10     | Killed Psyche
 11400 | D:10     | Reached skill level 3 in Invocations
 11536 | D:10     | Reached skill level 7 in Fighting
 11549 | D:10     | Reached skill level 4 in Invocations
 11817 | D:10     | Reached skill level 5 in Invocations
 12211 | D:10     | Noticed a two-headed ogre
 12223 | D:10     | Killed a two-headed ogre
 12550 | D:10     | Reached skill level 8 in Fighting
 12550 | D:10     | Reached skill level 6 in Invocations
 12833 | Lair:1   | Entered Level 1 of the Lair of Beasts
 12845 | Lair:1   | Received a gift from Okawaru
 13055 | Lair:1   | Reached skill level 7 in Invocations
 13372 | Lair:1   | Reached skill level 9 in Fighting
 13405 | Lair:1   | Found a hide-covered altar of Uskayaw.
 13411 | Lair:1   | Reached XP level 12. HP: 87/95 MP: 17/17
 13819 | Lair:1   | HP: 21/97 [elephant (9)]
 14027 | Lair:1   | Reached skill level 10 in Fighting
 14040 | Lair:1   | Received a gift from Okawaru
 14238 | Lair:1   | You pick up a book of Fire and begin reading...
 14238 | Lair:1   | You add the spells Foxfire, Plasma Beam and Starburst to
                  | your library.
 14513 | Lair:2   | Found a staircase to the Snake Pit.
 14548 | Lair:2   | Reached skill level 11 in Fighting
 14699 | Lair:2   | Identified a scroll of acquirement
 14699 | Lair:2   | Acquired the amulet "Ablabe" {Regen+ SInv}
 14757 | Lair:2   | Found a frozen archway.
 14783 | IceCv    | Entered an ice cave
 14917 | IceCv    | Reached skill level 2 in Dodging
 14937 | IceCv    | Reached skill level 1 in Armour
 15322 | IceCv    | Noticed an ice dragon
 15387 | IceCv    | Killed an ice dragon
 15388 | IceCv    | Reached skill level 2 in Armour
 15388 | IceCv    | Reached skill level 3 in Dodging
 15540 | IceCv    | Identified a +2 crystal plate armour of cold resistance
 15541 | IceCv    | T - a +2 crystal plate armour of cold resistance {rare=g}
 15544 | IceCv    | Identified the amulet of Uvihatot {Spirit Str+2}
 15637 | Lair:2   | Received a gift from Okawaru
 15717 | Lair:2   | Reached skill level 12 in Fighting
 15746 | Lair:2   | Reached skill level 3 in Armour
 15866 | Lair:2   | Found a staircase to the Swamp.
 15914 | Lair:2   | Reached skill level 4 in Dodging
 15931 | Lair:2   | Noticed Gastronok
 15944 | Lair:2   | Killed Gastronok
 16094 | Lair:2   | Reached skill level 4 in Armour
 16461 | Lair:3   | Gained mutation: You have an unusually large brain. (Int
                  | +2) [demonic ancestry]
 16461 | Lair:3   | Reached XP level 13. HP: 84/108 MP: 15/18
 16476 | Lair:3   | Reached skill level 5 in Dodging
 16494 | Lair:3   | HP: 26/105 [skyshark (4)]
 16951 | Lair:3   | Received a gift from Okawaru
 17136 | Lair:3   | Reached skill level 5 in Armour
 17399 | Lair:3   | Reached skill level 6 in Dodging
 17695 | Lair:3   | Reached skill level 6 in Armour
 17787 | Lair:3   | Reached skill level 1 in Evocations
 17835 | Lair:3   | Reached skill level 2 in Evocations
 18105 | Lair:3   | Reached skill level 3 in Evocations
 18623 | Lair:4   | Reached skill level 4 in Evocations
 18638 | Lair:4   | Noticed Rupert
 18654 | Lair:4   | Paralysed by Rupert for 2 turns
 18655 | Lair:4   | Reached skill level 12 in Axes
 18663 | Lair:4   | Killed Rupert
 18663 | Lair:4   | Received a gift from Okawaru
 18789 | Lair:4   | Noticed KimchiStew's ghost (journeyman OpSh)
 18859 | Lair:4   | Found a transporter.
 18865 | Lair:4   | Found a transporter.
 19080 | Lair:4   | You add the spells Slow, Inner Flame and Fulminant Prism to
                  | your library.
 19080 | Lair:4   | Got the Volume of Fascination
 19438 | Lair:5   | Entered Level 5 of the Lair of Beasts
 19438 | Lair:5   | Found a staircase to the Slime Pits.
 19521 | Lair:5   | Reached skill level 13 in Axes
 19820 | Lair:5   | Reached ****** piety under Okawaru
 19821 | Lair:5   | Acquired a +2 heavy broad axe
 19821 | Lair:5   | Received a gift from Okawaru
 19827 | Lair:5   | Acquired the +0 buckler "Gell" {Will++ Dex+6}
 19827 | Lair:5   | Received a gift from Okawaru
 20134 | Lair:5   | You pick up a book of Displacement and begin reading...
 20134 | Lair:5   | You add the spells Lesser Beckoning, Gell's Gravitas and
                  | Teleport Other to your library.
 20182 | Lair:5   | Received a gift from Okawaru
 20322 | Lair:5   | Gained mutation: You have an extremely huge brain. (Int +4)
                  | [demonic ancestry]
 20322 | Lair:5   | Reached XP level 14. HP: 74/116 MP: 19/19
 21010 | Lair:5   | Reached skill level 13 in Fighting
 21176 | Lair:5   | Reached skill level 14 in Axes
 21365 | Lair:5   | Found the +4 Cigotuvi's embrace {Corpsefed rMiasma Drain
                  | rN+}
 22155 | Lair:5   | Found a blossoming altar of Fedhas.
 22802 | Orc:1    | Entered Level 1 of the Orcish Mines
 22848 | Orc:1    | Reached skill level 14 in Fighting
 23236 | Orc:2    | Entered Level 2 of the Orcish Mines
 23275 | Orc:2    | Reached skill level 15 in Axes
 23314 | Orc:2    | Found Abicob's Antique Weapon Emporium.
 23360 | Orc:2    | Noticed Snorg
 23370 | Orc:2    | Killed Snorg
 23508 | Orc:2    | Found a staircase to the Elven Halls.
 23750 | Orc:2    | HP: 26/120 [orc priest/divine providence (13)]
 23779 | Orc:2    | HP: 23/120 [orc priest/divine providence (10)]
 24149 | Orc:2    | Found Nank's Weapon Boutique.
 24149 | Orc:2    | Found Vutaici's Assorted Antiques.
 24150 | Orc:2    | Found Rewnooc's Assorted Antiques.
 24153 | Orc:2    | Found Hahequc's General Store.
 24167 | Orc:2    | Bought a scroll of blinking for 217 gold pieces
 24167 | Orc:2    | Bought a scroll of identify for 58 gold pieces
 24168 | Orc:2    | Bought a scroll of teleportation for 96 gold pieces
 24172 | Orc:2    | Bought a scroll of fog for 128 gold pieces
 24172 | Orc:2    | Bought a scroll of fear for 128 gold pieces
 24173 | Orc:2    | Bought a sharpened bone wand for 116 gold pieces
 24284 | Orc:2    | Found a runed translucent gate.
 24284 | Orc:2    | Found a runed translucent gate.
 24284 | Orc:2    | Found a runed translucent gate.
 24286 | Orc:2    | Noticed gruber's ghost (adept KoHu)
 24286 | Orc:2    | Noticed PanSaczeczos's ghost (journeyman DsWn)
 24286 | Orc:2    | Noticed asdu's ghost (adept KoGl)
 24286 | Orc:2    | Noticed AceOff's ghost (journeyman FoFi)
 24374 | Orc:2    | Killed asdu's ghost
 24401 | Orc:2    | Killed gruber's ghost
 24402 | Orc:2    | Gained mutation: You are completely covered in sharp
                  | spines. [demonic ancestry]
 24402 | Orc:2    | Reached XP level 15. HP: 96/126 MP: 0/20
 24409 | Orc:2    | Killed PanSaczeczos's ghost
 24410 | Orc:2    | Reached skill level 16 in Axes
 24423 | Orc:2    | Killed AceOff's ghost
 24564 | Orc:2    | Identified the ring "Siroott" {rF+ rC+ Will+ Dex+5}
 24891 | D:11     | Found a transporter.
 24907 | D:11     | Found a transporter.
 25008 | D:11     | Noticed KimchiStew's ghost (novice DrCj)
 25664 | D:12     | HP: 22/126 [enormous slime creature (61)]
 26501 | D:12     | Found Ehezuwoe's Antique Weapon Shoppe.
 27136 | D:13     | Reached skill level 17 in Axes
 27147 | D:13     | Noticed Urug
 27149 | D:13     | Found a gate to the Vaults.
 27156 | D:13     | Killed Urug
 27244 | D:13     | Found Laox's Weapon Emporium.
 27321 | D:13     | Found an ancient bone altar of Kikubaaqudgha.
 27380 | D:13     | You pick up a book of Weapons and begin reading...
 27380 | D:13     | You add the spells Dimensional Bullseye and Iskenderun's
                  | Mystic Blast to your library.
 28274 | D:14     | Identified the ring "Beotz" {EV+5 Int+4}
 28280 | D:14     | Noticed Agnes
 28853 | D:14     | Killed Agnes
 28854 | D:14     | Reached skill level 7 in Dodging
 29169 | D:14     | Found Qouploe's Book Boutique.
 29169 | D:14     | Noticed a walking earthen tome
 29169 | D:14     | Noticed a walking frostbound tome
 29406 | D:15     | Entered Level 15 of the Dungeon
 29424 | D:15     | Reached skill level 8 in Dodging
 29430 | D:15     | Received a gift from Okawaru
 29531 | D:15     | You pick up a book of Frost and begin reading...
 29904 | D:15     | Found a snail-covered altar of Cheibriados.
 29923 | D:15     | Reached skill level 9 in Dodging
 30636 | D:15     | Gained mutation: You have a pair of large antennae on your
                  | head. (SInv) [demonic ancestry]
 30636 | D:15     | Reached XP level 16. HP: 133/133 MP: 21/21
 30810 | D:15     | You pick up a book of Sloth and begin reading...
 30810 | D:15     | You add the spells Petrify and Metabolic Englaciation to
                  | your library.
 30811 | D:15     | Found a staircase to the Depths.
 30946 | D:15     | Reached skill level 10 in Dodging
 31295 | D:5      | Bought the Parchment of the Monster Mash for 728 gold
                  | pieces
 31295 | D:5      | You add the spells Necrotise, Wereblood and Vampiric
                  | Draining to your library.
 31298 | D:5      | Learned a level 2 spell: Wereblood
 31429 | Snake:1  | Entered Level 1 of the Snake Pit
 31429 | Snake:1  | Noticed Louise
 31448 | Snake:1  | Killed Louise
 31449 | Snake:1  | Reached skill level 1 in Transmutations
 31486 | Lair:2   | magus.rc [v1.9.6]
 31654 | Snake:1  | Acquired 1226 gold pieces
 31708 | Snake:1  | Reached skill level 3 in Spellcasting
 31713 | Snake:1  | Reached skill level 2 in Transmutations
 31757 | Snake:1  | Received a gift from Okawaru
 32029 | Snake:1  | Reached skill level 3 in Transmutations
 32080 | Snake:1  | Reached skill level 4 in Spellcasting
 32389 | Snake:1  | Reached skill level 4 in Transmutations
 32620 | Snake:1  | Reached skill level 5 in Transmutations
 32749 | Snake:1  | Received a gift from Okawaru
 32779 | Snake:1  | Reached skill level 6 in Transmutations
 33143 | Snake:1  | Found an ornate altar of the Wu Jian Council.
 33279 | Snake:2  | Noticed Vashnia
 33535 | Swamp:1  | Entered Level 1 of the Swamp
 33650 | Swamp:1  | You fall into a shaft and drop 1 floor!
 33719 | Swamp:2  | Identified the +0 pair of gloves of the Ten Lies {Harm
                  | +Inv}
 33886 | Swamp:1  | Reached skill level 11 in Dodging
 34919 | Swamp:3  | Found a sacrificial altar of Ru.
 34945 | Swamp:3  | Reached skill level 12 in Dodging
 35125 | Swamp:3  | Noticed Donald
 35216 | Swamp:3  | You pick up a book of Spatial Translocations and begin
                  | reading...
 36057 | Swamp:4  | Entered Level 4 of the Swamp
 36286 | Swamp:4  | Reached XP level 17. HP: 123/139 MP: 14/23
 36292 | Swamp:4  | Received a gift from Okawaru
 36293 | Swamp:4  | Reached skill level 13 in Dodging
 36705 | Swamp:4  | You add the spells Alistair's Intoxication and Eringya's
                  | Noxious Bog to your library.
 36776 | Swamp:4  | Acquired a +0 pair of boots of flying
 36978 | Swamp:4  | Reached skill level 14 in Dodging
 37228 | Swamp:4  | Reached skill level 8 in Invocations
 37503 | Swamp:4  | Reached skill level 9 in Invocations
 37582 | Swamp:4  | Got a decaying rune of Zot
 37976 | Snake:2  | Killed Vashnia
 37977 | Snake:2  | Reached skill level 10 in Invocations
 38259 | Snake:2  | Noticed Saint Roka
 38302 | Snake:2  | Killed Saint Roka
 38761 | Snake:2  | Reached skill level 15 in Dodging
 40501 | Snake:3  | Reached XP level 18. HP: 81/147 MP: 14/25
 40700 | Snake:3  | Identified the beast talisman "Hidd" {rC+}
 40898 | Snake:4  | Entered Level 4 of the Snake Pit
 41173 | Snake:4  | Noticed Mara
 41183 | Snake:4  | Noticed MackTheKnife's illusion
 41330 | Vaults:1 | Entered Level 1 of the Vaults
 41664 | Vaults:1 | Reached skill level 16 in Dodging
 41668 | Vaults:1 | Reached skill level 15 in Fighting
 42114 | Vaults:1 | Received a gift from Okawaru
 42119 | Vaults:1 | Reached skill level 16 in Fighting
 42137 | Vaults:1 | Reached skill level 5 in Conjurations
 42416 | Vaults:1 | Reached skill level 6 in Conjurations
 42633 | Vaults:1 | Reached skill level 7 in Conjurations
 43201 | D:5      | Bought the Parchment of the Age of Ice for 1232 gold pieces
 43201 | D:5      | You add the spells Ensorcelled Hibernation, Ozocubu's
                  | Armour, Freezing Cloud, Ozocubu's Refrigeration and Polar
                  | Vortex to your library.
 43207 | D:5      | Learned a level 5 spell: Freezing Cloud
 43419 | Vaults:2 | Reached skill level 1 in Ice Magic
 43419 | Vaults:2 | Reached skill level 1 in Air Magic
 43462 | Vaults:2 | Found Arixofe's General Store.
 43524 | Vaults:2 | Bought a potion of resistance for 170 gold pieces
 43524 | Vaults:2 | Bought a +3 broad axe for 357 gold pieces
 43587 | Vaults:2 | Identified the +1 long sword of Ekoacips {pain, rPois rF+
                  | Str+2 Stlth-}
 43856 | Vaults:2 | Reached skill level 8 in Conjurations
 43856 | Vaults:2 | Reached skill level 2 in Air Magic
 43931 | Vaults:2 | Reached skill level 2 in Ice Magic
 44007 | Vaults:2 | Received a gift from Okawaru
 44297 | Vaults:1 | Reached skill level 5 in Spellcasting
 44604 | Vaults:2 | Reached skill level 3 in Air Magic
 44615 | Vaults:2 | Reached skill level 3 in Ice Magic
 44770 | Vaults:2 | Gained mutation: You sometimes emit foul miasma when
                  | damaged in melee. [demonic ancestry]
 44770 | Vaults:2 | Reached XP level 19. HP: 85/157 MP: 7/27
 44968 | Vaults:2 | Found a staircase to the Crypt.
 44968 | Vaults:2 | Found an ancient bone altar of Kikubaaqudgha.
 44969 | Vaults:2 | Found a basalt altar of Yredelemnul.
 45304 | Vaults:2 | Identified the +1 cloak of Hide-and-Seek {Will+}
 45472 | Vaults:2 | Reached skill level 4 in Air Magic
 45541 | Vaults:2 | Reached skill level 4 in Ice Magic
 45661 | Vaults:3 | Noticed Frederick
 45665 | Vaults:2 | Upgraded the game from 0.31-a0-1111-ga3525b893c to
                  | 0.31-a0-1118-gbca3d03946
 45665 | Vaults:2 | magus.rc [v1.9.6]
 45716 | Vaults:3 | Reached skill level 6 in Spellcasting
 45877 | Vaults:3 | Paralysed by a formless jellyfish for 1 turns
 46077 | Vaults:3 | Reached skill level 5 in Air Magic
 46083 | Vaults:3 | Reached skill level 5 in Ice Magic
 46162 | Vaults:3 | Found a large runed translucent door.
 46162 | Vaults:3 | Found a large runed translucent door.
 46162 | Vaults:3 | Found a large runed translucent door.
 46162 | Vaults:3 | Found a large runed translucent door.
 46162 | Vaults:3 | Found a large runed translucent door.
 46162 | Vaults:3 | Found a large runed translucent door.
 46162 | Vaults:3 | Found a large runed translucent door.
 46162 | Vaults:3 | Found a large runed translucent door.
 46162 | Vaults:3 | Noticed Kamets Paeg's ghost (master HuCj)
 46321 | Vaults:3 | Found Atolulim's Assorted Antiques.
 46329 | Vaults:3 | Bought a scroll of acquirement for 2028 gold pieces
 46329 | Vaults:3 | Acquired 327 gold pieces
 46740 | Vaults:3 | Reached skill level 6 in Air Magic
 46835 | Vaults:3 | Reached skill level 6 in Ice Magic
 47065 | Vaults:3 | Noticed Mennas
 47277 | Vaults:4 | Found a crumbling gateway.
 47299 | Vaults:4 | Found Osik's Assorted Antiques.
 47307 | Vaults:4 | Bought a murky clear potion for 24 gold pieces
 47329 | Desolati | Entered the Desolation of Salt
 47401 | Desolati | Reached skill level 7 in Air Magic
 47404 | Desolati | Reached skill level 7 in Ice Magic
 47503 | Desolati | Identified the ring "Ofamiber" {rC+ rN+ Dex+3}
 48080 | Desolati | Identified the amulet of Ilozes {rF+ Will+++ Regen+ Dex-2
                  | Slay+3}
 48242 | Desolati | Reached skill level 8 in Ice Magic
 48242 | Desolati | Reached skill level 8 in Air Magic
 48364 | Desolati | Identified the amulet "Metaimn" {Will++ Regen+}
 48452 | Desolati | You add the spells Ignite Poison and Ignition to your
                  | library.
 48452 | Desolati | Got the Thoughts on Exothermic Cryomancy
 48459 | Desolati | Identified the +8 spear "Ruquborr" {spect, MP+9 Int+3
                  | Dex+3}
 48672 | Vaults:4 | Reached skill level 7 in Shields
 48974 | Vaults:4 | Reached skill level 8 in Shields
 48974 | Vaults:4 | Gained mutation: Your presence sometimes corrodes those you
                  | injure. [demonic ancestry]
 48974 | Vaults:4 | Reached XP level 20. HP: 151/164 MP: 19/29
 49013 | Vaults:4 | Reached skill level 9 in Shields
 49947 | Vaults:3 | Killed Frederick
 49948 | Vaults:3 | Reached skill level 10 in Shields
 50181 | Elf:1    | Entered Level 1 of the Elven Halls
 50564 | Elf:1    | Paralysed by an air elemental for 1 turns
 51488 | Elf:2    | Paralysed by an air elemental for 1 turns
 51941 | Elf:2    | You pick up a book of Blood and begin reading...
 51971 | Elf:2    | Paralysed by an air elemental for 1 turns
 51974 | Elf:2    | Paralysed by an air elemental for 1 turns
 52065 | Elf:2    | Noticed Nikola
 52083 | Elf:2    | Killed Nikola
 52380 | Elf:2    | Found a huge runed translucent gate.
 52380 | Elf:2    | Found a huge runed translucent gate.
 52386 | Elf:2    | Found a huge runed translucent gate.
 52387 | Elf:2    | Found a huge runed translucent gate.
 52387 | Elf:2    | Found a huge runed translucent gate.
 52585 | Elf:2    | Identified the +6 sling "Goqiahuc" {flame, rCorr SInv}
 52723 | Elf:3    | Entered Level 3 of the Elven Halls
 52880 | Elf:3    | Received a gift from Okawaru
 53004 | Elf:3    | Noticed Roxanne
 53067 | Elf:3    | Reached skill level 11 in Shields
 53260 | Elf:3    | Reached skill level 7 in Spellcasting
 53473 | Elf:3    | Identified the +10 plate armour of Day {Dex+4}
 53481 | Elf:3    | Reached skill level 9 in Conjurations
 54302 | Elf:3    | Reached skill level 9 in Ice Magic
 54310 | Elf:3    | Reached skill level 9 in Air Magic
 54342 | Elf:3    | Identified the +1 robe of Cocytus {Will+++ Dex-3 Slay+2
                  | Archmagi}
 54342 | Elf:3    | Identified the +6 flail "Seboost" {heavy, rPois Will+
                  | Int-3}
 54344 | Elf:3    | Identified the +8 eveningstar of Jyugra {chaos, rC+ MP+9}
 54754 | Elf:3    | Identified the +1 orcbow "Vucekk" {heavy, Contam rF++ Dex-4
                  | Stlth+}
 54769 | Elf:3    | Reached XP level 21. HP: 76/171 MP: 5/32
 54857 | Elf:3    | Identified the +2 morningstar of Famine {flame, rN+}
 55045 | Elf:3    | Identified the +3 flail of Awkwardness {flame, rN+ Str+5}
 55256 | Elf:3    | Identified the +3 dire flail of Cergh {antimagic, rN+++
                  | Will++ Int-4}
 55562 | Elf:3    | Reached skill level 12 in Shields
 55579 | Elf:3    | You pick up a book of Winter and begin reading...
 55588 | Elf:3    | You pick up a book of Touch and begin reading...
 55588 | Elf:3    | You add the spells Confusing Touch and Dispel Undead to
                  | your library.
 55608 | Elf:3    | You add the spells Shock, Flame Wave and Iskenderun's
                  | Battlesphere to your library.
 55608 | Elf:3    | Got Gaufit's Monograph on Power
 55622 | Elf:3    | Identified the +0 scale mail of Least Resistance {Will+
                  | Dex+4}
 55630 | Elf:3    | You pick up a book of Spectacle and begin reading...
 55630 | Elf:3    | You add the spells Volatile Blastmotes, Dazzling Flash and
                  | Maxwell's Capacitive Coupling to your library.
 55642 | Elf:3    | You pick up a book of Spectacle and begin reading...
 56011 | Depths:1 | Entered Level 1 of the Depths
 56112 | Depths:1 | Identified the +2 buckler of the Stone Wall {Rampage Fly
                  | rElec}
 56252 | Depths:1 | Found a bloodstained altar of Trog.
 56285 | Depths:1 | Reached skill level 7 in Armour
 56293 | Depths:1 | Received a gift from Okawaru
 56402 | Depths:1 | Reached skill level 8 in Armour
 57127 | Depths:1 | Found Siomputo's Antique Weapon Shop.
 57237 | Depths:1 | Found a gateway to Hell.
 57307 | Depths:2 | Identified the serpent talisman of the Iron City of Dis
                  | {rN+ rCorr Str-4 Slay+2}
 57307 | Depths:2 | Noticed Aizul
 57320 | Depths:2 | Killed Aizul
 57565 | Depths:1 | Reached skill level 9 in Armour
 57782 | Depths:2 | Found a one-way gate leading to the halls of Pandemonium.
 57903 | Depths:2 | Identified the ring of Woikeeth {Ice Int+3}
 57903 | Depths:2 | Noticed Josephina
 57937 | Depths:2 | Reached skill level 10 in Armour
 57941 | Depths:2 | Killed Josephina
 58178 | Depths:2 | Noticed a caustic shrike
 58191 | Depths:2 | Killed a caustic shrike
 58192 | Depths:2 | Reached skill level 11 in Armour
 58538 | Depths:2 | Found a one-way gateway to a ziggurat.
 58874 | Depths:2 | Learned a level 3 spell: Ozocubu's Armour
 59201 | Depths:2 | Noticed a juggernaut
 59216 | Depths:2 | Killed a juggernaut
 59217 | Depths:2 | Reached skill level 12 in Armour
 59271 | Depths:2 | Identified the +10 shortbow of the Other Side {flame,
                  | Will+}
 59276 | Depths:2 | Identified the +1 mace of the Unspeakable One {antimagic,
                  | rC- rN++}
 59660 | Depths:3 | Reached skill level 13 in Armour
 59712 | Depths:2 | Gained mutation: Your presence sometimes corrodes or
                  | deforms those you injure. [demonic ancestry]
 59712 | Depths:2 | Reached XP level 22. HP: 125/178 MP: 23/33
 60067 | Depths:3 | Found a one-way gate to the infinite horrors of the Abyss.
 60127 | Depths:3 | Found an opulent altar of Gozag.
 60272 | Depths:3 | Reached skill level 14 in Armour
 60376 | Depths:3 | Received a gift from Okawaru
 60699 | Depths:3 | Found a broken altar of Ashenzari.
 60861 | Depths:3 | Reached skill level 15 in Armour
 60967 | Depths:3 | Identified the +1 leather armour "Ickeuleo" {rC+ Will-
                  | Str+5 Int+2}
 61018 | Depths:3 | Noticed a juggernaut
 61039 | Depths:3 | Killed a juggernaut
 61404 | Depths:3 | Noticed a golden dragon
 61417 | Depths:3 | Killed a golden dragon
 61853 | Depths:3 | Noticed a juggernaut
 61857 | Depths:3 | Reached skill level 16 in Armour
 61872 | Depths:3 | Killed a juggernaut
 62073 | Depths:3 | Noticed a golden dragon
 62079 | Depths:3 | Killed a golden dragon
 62079 | Depths:3 | Identified +0 gold dragon scales
 62418 | Depths:3 | Noticed a golden dragon
 62422 | Depths:3 | Killed a golden dragon
 62483 | Depths:3 | Noticed a golden dragon
 62589 | Depths:3 | Killed a golden dragon
 62589 | Depths:3 | Identified +0 gold dragon scales
 62590 | Depths:3 | Reached skill level 17 in Fighting
 62591 | Depths:3 | +0 gold dragon scales {rare}; a golden dragon corpse
 62610 | Depths:3 | Got the Grimoire of a Million Friars
 62611 | Depths:3 | Identified the +5 long sword "Fampe" {flame, rPois Will-
                  | MP+9 SInv}
 62615 | Depths:3 | You pick up a book of Blasting and begin reading...
 62620 | Depths:3 | Identified the +2 short sword of Immorality {freeze, MP+9}
 62656 | Depths:3 | +0 gold dragon scales {rare}; a golden dragon corpse
 62769 | Depths:3 | You pick up a book of the Dragon and begin reading...
 62769 | Depths:3 | You add the spells Cause Fear and Fireball to your library.
 62851 | Depths:3 | Identified +6 gold dragon scales
 62851 | Depths:3 | Noticed Parghit
 62878 | Depths:3 | Killed Parghit
 62946 | Depths:3 | y - +6 gold dragon scales {rare}
 62957 | Depths:3 | You finish putting on your +6 gold dragon scales {rare}.
 62962 | Depths:3 | You finish taking off your +6 gold dragon scales {rare}.
 63348 | Depths:4 | Entered Level 4 of the Depths
 63704 | Depths:4 | Gained mutation: You can speak a Word of Chaos. [demonic
                  | ancestry]
 63704 | Depths:4 | Reached XP level 23. HP: 190/190 MP: 34/34
 63708 | Depths:4 | Reached skill level 18 in Fighting
 63974 | Depths:4 | +0 shadow dragon scales {rare}; a shadow dragon corpse
 64228 | Depths:4 | Found a runed translucent door.
 64231 | Depths:4 | Found a runed translucent door.
 64466 | Depths:4 | Found a runed translucent door.
 64542 | Depths:4 | Found a runed translucent door.
 64703 | Depths:4 | Found a runed translucent door.
 64717 | Depths:4 | Found a runed translucent door.
 65035 | Depths:4 | Found a gate to the Realm of Zot.
 65112 | Depths:4 | Reached skill level 19 in Fighting
 66203 | Vaults:4 | magus.rc [v1.9.6]
 66244 | Vaults:5 | Entered Level 5 of the Vaults
 66355 | Vaults:5 | Reached skill level 7 in Transmutations
 66358 | Vaults:5 | Noticed an ancient lich
 66368 | Vaults:4 | Identified +0 gold dragon scales
 66370 | Vaults:4 | +0 gold dragon scales {rare}; a golden dragon corpse
 66372 | Vaults:5 | Noticed an ancient lich
 66380 | Vaults:4 | +0 gold dragon scales {rare}; a golden dragon corpse
 66384 | Vaults:4 | Killed an ancient lich
 66384 | Vaults:4 | Killed an ancient lich
 66385 | Vaults:4 | Reached skill level 20 in Fighting
 66583 | Vaults:5 | Reached skill level 8 in Transmutations
 66585 | Vaults:4 | +0 gold dragon scales {rare}; a golden dragon corpse
 66713 | Vaults:4 | +0 gold dragon scales {rare}; a golden dragon skeleton
 67077 | Vaults:5 | Noticed an ancient lich
 67081 | Vaults:5 | Noticed an ancient lich
 67084 | Vaults:5 | HP: 42/191 [yaktaur/bolt[a yaktaur captain] (6)]
 67510 | Vaults:4 | Killed an ancient lich
 67761 | Vaults:4 | Killed an ancient lich
 67806 | Vaults:4 | Received a gift from Okawaru
 68015 | Vaults:4 | a boomerang {throwing}; +0 gold dragon scales {rare}
 68020 | Vaults:4 | a boomerang {throwing}; +0 gold dragon scales {rare}
 68643 | Vaults:4 | a boomerang {throwing}; +0 gold dragon scales {rare}
 68907 | Vaults:5 | Reached skill level 13 in Shields
 69005 | Vaults:5 | Reached XP level 24. HP: 181/204 MP: 31/34
 69112 | Vaults:5 | Identified the +8 war axe of Brutal Revenge {heavy, Int+3
                  | Stlth+}
 69452 | Vaults:5 | Reached skill level 17 in Armour
 69561 | Vaults:5 | You pick up a book of Spectacle and begin reading...
 69570 | Vaults:5 | Identified the +1 pair of gloves of Subboone {Rampage rPois
                  | Int+6 Stlth-}
 69612 | Vaults:5 | Noticed an ancient lich
 69625 | Vaults:5 | Killed an ancient lich
 69864 | Vaults:5 | Identified the +8 sling of Holyanol {freeze, rF+ rN++}
 70105 | Vaults:5 | Got a silver rune of Zot
 70418 | Vaults:5 | You add the spells Passage of Golubria and Yara's Violent
                  | Unravelling to your library.
 70474 | Vaults:5 | Got Viga Jacs's Secrets of Generation {@e2}
 70480 | Vaults:5 | Identified the orb "Ydwu Ewo" {guile, rElec rPois Str+3}
 70483 | Vaults:5 | You drop +6 gold dragon scales {rare}.
 70485 | Vaults:5 | You drop a +2 crystal plate armour of cold resistance
                  | {rare=g}.
 70491 | Vaults:5 | T - a +2 crystal plate armour of cold resistance {rare=g}
 70491 | Vaults:5 | a +0 pair of boots of flying; +6 gold dragon scales {rare};
                  | the +8 sling of Holyanol {freeze, rF+ rN++}
 70498 | Vaults:5 | Identified the +0 ring mail "Imiosmea" {rElec Int+4}
 70504 | Vaults:5 | Identified the +3 long sword "Ihaosomp" {elec, Dex+2}
 70872 | Vaults:5 | Reached skill level 14 in Shields
 70878 | Vaults:4 | a boomerang {throwing}; +0 gold dragon scales {rare}
 70921 | Vaults:4 | Received a gift from Okawaru
 71037 | Crypt:1  | Entered Level 1 of the Crypt
 71038 | Crypt:1  | Noticed a curse skull
 71192 | Crypt:1  | Killed a curse skull
 71504 | Crypt:1  | Noticed a curse skull
 71525 | Crypt:1  | Killed a curse skull
 71662 | Crypt:1  | Identified the +12 crystal plate armour of the Beginning
                  | {Will+ SInv}
 71663 | Crypt:1  | y - the +12 crystal plate armour of the Beginning {Will+
                  | SInv, rare=g}
 71906 | Crypt:1  | You finish putting on the +12 crystal plate armour of the
                  | Beginning {Will+ SInv, rare=g}.
 71911 | Crypt:1  | You finish taking off the +12 crystal plate armour of the
                  | Beginning {Will+ SInv, rare=g}.
 71916 | Crypt:1  | You drop the +12 crystal plate armour of the Beginning
                  | {Will+ SInv, rare=g}.
 71917 | Crypt:1  | y - the +12 crystal plate armour of the Beginning {Will+
                  | SInv, rare=g}
 72011 | Crypt:2  | Reached skill level 18 in Armour
 72154 | Crypt:2  | Reached skill level 15 in Shields
 72584 | Crypt:2  | Noticed a curse skull
 72591 | Crypt:2  | Killed a curse skull
 72879 | Crypt:3  | Entered Level 3 of the Crypt
 72970 | Crypt:3  | Found a basalt altar of Yredelemnul.
 73255 | Crypt:3  | You pick up a book of Dangerous Friends and begin
                  | reading...
 73310 | Crypt:3  | Reached skill level 8 in Spellcasting
 73361 | Crypt:3  | Reached skill level 10 in Conjurations
 73528 | Crypt:3  | Reached skill level 10 in Ice Magic
 73613 | Crypt:3  | Reached skill level 10 in Air Magic
 73835 | Crypt:3  | Identified the +4 crystal plate armour "Cionethre" {Rampage
                  | rElec Regen+ Dex+2}
 73836 | Crypt:3  | y - the +4 crystal plate armour "Cionethre" {Rampage rElec
                  | Regen+ Dex+2, rare=g}
 73888 | Crypt:3  | You add the spells Anguish and Death's Door to your
                  | library.
 73888 | Crypt:3  | Got the Spellbook of Gloom
 73943 | Crypt:3  | Found a staircase to the Tomb.
 73943 | Crypt:3  | Noticed Khufu
 74259 | Crypt:3  | Gained mutation: You frequently emit foul miasma when
                  | damaged in melee. [demonic ancestry]
 74259 | Crypt:3  | Reached XP level 25. HP: 208/210 MP: 35/35
 74482 | Crypt:3  | Reached skill level 11 in Ice Magic
 74495 | Crypt:3  | Identified the +0 orcbow "Unaemp" {freeze, rElec Will+}
 75119 | Crypt:3  | Identified the +7 mace of the Bear {holy, Int-5 Dex+7}
 75176 | Crypt:3  | Killed Khufu
 76081 | Snake:4  | Noticed Mlioglotl
 76084 | Snake:4  | Noticed MackTheKnife's illusion
 76085 | Snake:4  | Killed Mara
 76086 | Snake:4  | Reached skill level 12 in Ice Magic
 76099 | Snake:4  | Killed Mlioglotl
 76154 | Snake:4  | You pick up a book of Changes and begin reading...
 76433 | Snake:4  | Noticed Bai Suzhen
 76446 | Snake:4  | Killed Bai Suzhen
 76587 | Snake:3  | You finish putting on the +4 crystal plate armour
                  | "Cionethre" {Rampage rElec Regen+ Dex+2, rare=g}.
 76819 | Snake:4  | Got a serpentine rune of Zot
 77582 | Vaults:3 | Killed Kamets Paeg's ghost
 77701 | Vaults:4 | a boomerang {throwing}; +0 gold dragon scales {rare}
 77772 | Vaults:4 | a boomerang {throwing}; +0 gold dragon scales {rare}
 78156 | Zot:1    | Entered Level 1 of the Realm of Zot
 78378 | Zot:1    | +0 shadow dragon scales {rare}; a shadow dragon corpse
 78443 | Zot:1    | Identified +0 gold dragon scales
 78510 | Zot:1    | quicksilver dragon scales {rare}; a quicksilver dragon
                  | corpse
 79155 | Zot:1    | You pick up a book of Dreams and begin reading...
 79427 | Zot:2    | Reached skill level 21 in Fighting
 79429 | Zot:2    | Reached skill level 19 in Armour
 79708 | Zot:2    | You are sucked into a shaft and drop 1 floor!
 79710 | Zot:3    | magus.rc [v1.9.6]
 79710 | Zot:3    | magus.rc [v1.9.6]
 79782 | Zot:2    | magus.rc [v1.9.6]
 79782 | Zot:2    | magus.rc [v1.9.6]
 80277 | Zot:2    | magus.rc [v1.9.6]
 80643 | Zot:3    | Identified the +4 mace "Rais" {drain, rElec Str+3}
 81063 | Zot:3    | You pick up a book of Burglary and begin reading...
 81063 | Zot:3    | You add the spells Passwall and Swiftness to your library.
 81137 | Zot:3    | Noticed a curse toe
 81146 | Zot:3    | Killed a curse toe
 81281 | Zot:3    | Identified +0 gold dragon scales
 81282 | Zot:3    | Reached XP level 26. HP: 128/222 MP: 12/35
 81291 | Zot:3    | Received a gift from Okawaru
 81295 | Arena    | Entered the Arena
 81614 | Zot:3    | Reached skill level 22 in Fighting
 81618 | Zot:3    | +0 storm dragon scales {rare}; a storm dragon corpse
 81631 | Zot:3    | Reached skill level 20 in Armour
 81656 | Zot:3    | quicksilver dragon scales {rare}; a quicksilver dragon
                  | corpse
 81721 | Zot:3    | You pick up a book of Dreams and begin reading...
 81758 | Zot:3    | Identified +0 gold dragon scales
 81768 | Zot:3    | +0 gold dragon scales {rare}; a golden dragon corpse
 81770 | Zot:3    | Identified the ring "Amuufige" {MP-9 Str+6 Dex+5}
 81798 | Zot:3    | quicksilver dragon scales {rare}; a quicksilver dragon
                  | corpse
 81800 | Zot:3    | +0 storm dragon scales {rare}; a storm dragon corpse
 81959 | Zot:3    | Reached skill level 11 in Invocations
 82390 | Zot:4    | Reached skill level 12 in Invocations
 82441 | Zot:4    | Reached skill level 13 in Invocations
 82452 | Zot:4    | Identified +0 gold dragon scales
 82726 | Zot:3    | Reached skill level 14 in Invocations
 82800 | Zot:4    | Noticed a curse toe
 82813 | Zot:4    | Noticed a curse toe
 82885 | Zot:3    | HP: 38/223 [??? (22)]
 82888 | Zot:3    | Killed a curse toe
 83152 | Zot:4    | Reached skill level 15 in Invocations
 83159 | Zot:3    | magus.rc [v1.9.6]
 83177 | Zot:4    | Noticed a curse toe
 83205 | Zot:4    | Killed a curse toe
 83316 | Zot:4    | Reached skill level 16 in Invocations
 83351 | Zot:4    | Killed a curse toe
 83493 | Zot:4    | Reached skill level 17 in Invocations
 83564 | Zot:4    | Identified +0 gold dragon scales
 83715 | Zot:4    | Reached skill level 18 in Invocations
 83753 | Zot:4    | You pick up a book of Storms and begin reading...
 83753 | Zot:4    | You add the spells Static Discharge and Airstrike to your
                  | library.
 84181 | Zot:4    | Identified the +4 war axe "Cakut" {freeze, rElec rN+++
                  | Str-2 Int-5}
 84299 | Zot:5    | Entered Level 5 of the Realm of Zot
 84374 | Zot:5    | Identified +0 gold dragon scales
 84462 | Zot:5    | Noticed a curse toe
 84475 | Zot:5    | Killed a curse toe
 84629 | Zot:5    | Received a gift from Okawaru
 84711 | Zot:5    | Reached skill level 19 in Invocations
 84858 | Zot:5    | Noticed an ancient lich
 84967 | Zot:5    | Killed an ancient lich
 85043 | Zot:5    | Noticed a curse toe
 85331 | Zot:5    | Noticed an orb of fire
 85337 | Zot:5    | Gained mutation: Your spells are a little easier to cast,
                  | but a little less powerful. [an orb of fire]
 85337 | Zot:5    | Gained mutation: You do not regenerate when monsters are
                  | visible. [an orb of fire]
 85341 | Zot:5    | Gained mutation: You occasionally lose the ability to read
                  | scrolls when taking damage. [an orb of fire]
 85343 | Zot:5    | Noticed an electric golem
 85346 | Zot:5    | Killed an orb of fire
 85346 | Zot:5    | Noticed an ancient lich
 85347 | Zot:5    | Reached skill level 20 in Invocations
 85378 | Zot:4    | Lost mutation: You occasionally lose the ability to read
                  | scrolls when taking damage. [potion of mutation]
 85378 | Zot:4    | Lost mutation: Your spells are a little easier to cast, but
                  | a little less powerful. [potion of mutation]
 85378 | Zot:4    | Gained mutation: You are covered in fur. (AC +1) [potion of
                  | mutation]
 85379 | Zot:4    | Lost mutation: You are covered in fur. (AC +1) [potion of
                  | mutation]
 85379 | Zot:4    | Lost mutation: You do not regenerate when monsters are
                  | visible. [potion of mutation]
 85379 | Zot:4    | Gained mutation: A frigid envelope surrounds you and
                  | freezes all who hurt you. [potion of mutation]
 85379 | Zot:4    | Gained mutation: You possess an exceptional clarity of
                  | mind. [potion of mutation]
 85379 | Zot:4    | Gained mutation: You are robust. (+10% HP) [potion of
                  | mutation]
 85379 | Zot:4    | Gained mutation: Your skin changes colour to match your
                  | surroundings (Stealth+). [potion of mutation]
 85482 | Zot:5    | Gained mutation: You have an absolutely massive brain. (Int
                  | +6, Wiz) [demonic ancestry]
 85482 | Zot:5    | Reached XP level 27. HP: 254/254 MP: 37/37
 85651 | Zot:5    | Reached skill level 21 in Invocations
 85665 | Zot:5    | Got the Orb of Zot
 85831 | Zot:1    | Noticed an orb of fire
 85874 | Depths:4 | Noticed Sebyp the pandemonium lord
 85877 | Depths:4 | Killed Sebyp the pandemonium lord
 85877 | Depths:4 | Gained mutation: You do not regenerate when monsters are
                  | visible. [a neqoxec]
 86157 | D:5      | Noticed a seraph
 86167 | D:5      | Killed a seraph
 86175 | D:5      | Reached skill level 22 in Invocations
 86314 | D:$      | Escaped with the Orb!

Vanquished Creatures
  A seraph (D:5)
  The ghost of Kamets Paeg the Pyromancer, a master HuCj of Ashenzari (Vaults:3)
  An orb of fire (Zot:5)
  Khufu (Crypt:3)
  6 ancient liches
  3 juggernauts
  Mara (Snake:4)
  Parghit (Depths:3)
  Josephina (Depths:2)
  Bai Suzhen (Snake:4)
  Frederick (Vaults:3)
  Saint Roka (Snake:2)
  5 curse toes
  Vashnia (Snake:2)
  3 Killer Klowns (Zot:5)
  A caustic shrike (Depths:2)
  Nikola (Elf:2)
  22 golden dragons
  A profane servitor (Crypt:3)
  3 bone dragons
  Rupert (Lair:4)
  14 tentacled monstrosities
  3 walking crystal tomes
  6 titans
  13 Orb Guardians
  5 liches
  Mlioglotl (Snake:4)
  A walking frostbound tome (Depths:3)
  A deep elf blademaster (Elf:3)
  A walking divine tome (Depths:3)
  A deep elf master archer (Elf:3)
  6 quicksilver dragons
  Gastronok (Lair:2)
  3 sphinxes
  14 death cobs
  A thorn hunter (Swamp:4)
  4 ancient champions
  An Executioner (Depths:4)
  17 storm dragons
  Agnes (D:14)
  7 tengu reavers
  13 shadow dragons
  6 draconian monks
  2 revenants
  Aizul (Depths:2)
  5 fire giants
  7 nagarajas
  9 draconian knights
  10 frost giants
  The ghost of asdu the Warrior, an adept KoGl of Uskayaw (Orc:2)
  A pandemonium lord (Depths:4)
  8 deep elf sorcerers
  5 iron dragons
  6 balrugs
  3 imperial myrmidons (Desolation)
  8 deep elf elementalists
  7 ghost moths
  22 vault wardens
  A spectral juggernaut (Crypt:3)
  7 draconian scorchers
  Louise (Snake:1)
  3 curse skulls
  6 draconian stormcallers
  A ghoul (Crypt:3)
  The ghost of PanSaczeczos the Fighter, a journeyman DsWn of Hepliaklqana (Orc:2)
  17 very ugly things
  7 draconian shifters
  A juggernaut zombie (Crypt:2)
  2 orc warlords
  A cacodemon (D:9)
  An angel (D:5)
  6 draconian annihilators
  The ghost of AceOff the Peltast, a journeyman FoFi of Gozag (Orc:2)
  The ghost of gruber the Crack Shot, an adept KoHu of Hepliaklqana (Orc:2)
  5 war gargoyles
  16 stone giants
  8 vampire knights
  3 formless jellyfish
  A caustic shrike skeleton (Crypt:3)
  17 ironbound preservers
  5 ironbound thunderhulks
  A rockslime zombie (Crypt:2)
  4 deep elf demonologists
  5 eleionomae
  12 yellow draconians
  17 green draconians
  9 red draconians
  9 black draconians
  4 deep elf annihilators (Elf:3)
  6 bunyips
  8 dire elephants
  11 white draconians
  20 spark wasps
  10 purple draconians
  3 halazid warlocks (Desolation)
  30 ettins
  A merfolk javelineer (Depths:4)
  6 deep elf death magi
  2 mummy priests (Crypt:3)
  Snorg (Orc:2)
  6 fire dragons
  4 eidola
  18 jiangshi
  A green death (Depths:4)
  2 merfolk impalers
  2 crystal guardians
  18 yaktaur captains
  4 salamander tyrants
  4 deep elf high priests
  2 entropy weavers
  A shambling mangrove (Swamp:4)
  8 ragged hierophants (Desolation)
  5 great orbs of eyes
  31 vault guards
  5 rakshasas
  A spriggan zombie (Crypt:1)
  13 ice dragons
  19 hydras
  8 ironbound frosthearts
  9 alligators
  An ice dragon (shapeshifter) (Depths:3)
  6 servants of whispers (Desolation)
  4 peacekeepers
  3 ghost crabs
  6 centaur warriors
  3 ogre magi
  6 death knights
  2 spriggan air magi
  10 two-headed ogres
  4 catoblepae
  9 anacondas
  7 tengu warriors
  11 dancing weapons
  12 deep troll shamans
  15 death yaks
  5 boulder beetles
  6 deep troll earth magi
  A death scarab (Crypt:2)
  23 naga warriors
  An occultist (Depths:3)
  3 vampire magi
  Urug (D:13)
  6 shock serpents
  26 naga sharpshooters
  A shock serpent (shapeshifter) (Depths:4)
  A spectral naga (Crypt:3)
  2 soul eaters
  8 spriggan berserkers
  A storm dragon zombie (Crypt:1)
  5 orc high priests
  2 titan zombies (Depths:2)
  13 iron trolls
  10 deep elf knights
  12 sun demons
  2 skysharks
  A salamander mystic (Snake:4)
  8 hell knights
  3 shadow wraiths
  3 sixfirhies
  45 skeletal warriors
  A ghost moth zombie (Crypt:1)
  3 spriggan druids
  A sea snake (shapeshifter) (Vaults:4)
  48 deep trolls
  2 goliath frogs
  8 lindwurms
  A cherub (D:5)
  2 spriggan simulacra (Depths:2)
  10 swamp dragons
  3 bog bodies
  6 glowing orange brains
  6 flayed ghosts
  19 deep elf archers
  26 ironbound convokers
  5 orc knights
  2 shadow demons
  4 harpies (Vaults:5)
  20 deep elf pyromancers
  26 deep elf zephyrmancers
  9 naga ritualists
  8 arcanists
  A large abomination (Depths:4)
  14 mana vipers
  6 orc sorcerers
  10 phantasmal warriors
  51 ugly things
  A shadow dragon zombie (Crypt:1)
  5 necromancers
  A shadow dragon skeleton (Crypt:2)
  2 stone giant zombies (Depths:2)
  A mana viper (shapeshifter) (Vaults:5)
  A spectral ettin (Crypt:3)
  An alligator zombie (Crypt:1)
  A cyclops (shapeshifter) (Depths:3)
  A shining eye (shapeshifter) (Depths:2)
  5 manticores
  5 cyclopes
  2 will-o-the-wisps (Swamp:4)
  7 salamanders
  23 moths of wrath
  16 elephants
  A smoke demon (Depths:1)
  14 guardian serpents
  11 naga magi
  34 black mambas
  A gargoyle (D:13)
  5 kobold blastminers (Orc:2)
  A shock serpent skeleton (Crypt:1)
  A torpor snail (Lair:5)
  2 ice statues (IceCv)
  An orange demon (D:9)
  16 vault sentinels
  2 hellions
  A naga skeleton (Crypt:1)
  18 rime drakes
  2 unseen horrors (D:12)
  2 centaur skeletons
  10 cane toads
  A torpor snail (shapeshifter) (Depths:3)
  8 komodo dragons
  A tormentor (Zot:5)
  An efreet (D:14)
  Psyche (D:10)
  49 yaktaurs
  7 freezing wraiths
  An alligator snapping turtle skeleton (Crypt:2)
  4 tengu conjurers
  A red devil (D:15)
  11 hornets
  7 guardian mummies (Crypt:3)
  4 polar bears
  5 trolls
  2 merfolk (shapeshifter) (Vaults:4)
  A queen bee (D:10)
  4 tyrant leeches
  A harpy skeleton (Crypt:1)
  35 saltlings (Desolation)
  3 stone giant simulacra
  7 dream sheep (Lair:3)
  12 blink frogs
  32 slime creatures
  A frost giant simulacrum (Depths:2)
  A death drake skeleton (Crypt:2)
  A satyr zombie (Crypt:1)
  59 flying skulls
  A vampire (D:10)
  3 air elementals
  6 wraiths
  4 wyverns
  10 spriggans
  A fire elemental (Elf:1)
  4 shadows
  15 water elementals
  A basilisk (D:14)
  A black mamba skeleton (Crypt:1)
  17 humans
  62 yaks
  A neqoxec (Depths:4)
  7 redbacks
  14 steam dragons
  4 vampire mosquitoes (Swamp:1)
  A redback (shapeshifter) (Vaults:4)
  12 swamp worms
  36 nagas
  Menkaure (D:6)
  A demonspawn zombie (Crypt:2)
  2 acid dragons
  A water moccasin (shapeshifter) (D:15)
  A deep troll zombie (Crypt:1)
  2 harpy simulacra (Crypt:2)
  A warg (D:9)
  26 water moccasins
  27 orc warriors
  7 swamp drakes
  5 black bears
  7 ice beasts
  A lindwurm zombie (Crypt:1)
  A blink frog zombie (Crypt:1)
  5 boggarts (Vaults:4)
  8 ogres
  An ogre (shapeshifter) (Vaults:4)
  8 wolves
  4 small abominations (Crypt:3)
  10 centaurs
  2 phantoms (D:4)
  6 kobold brigands (Bailey)
  14 bullfrogs
  3 gnoll sergeants
  An earth elemental (Elf:3)
  3 scorpions
  4 necrophages (Crypt:3)
  12 wights
  A lindwurm simulacrum (IceCv)
  27 killer bees
  3 elephant simulacra (Lair:2)
  4 electric eels
  6 howler monkeys
  2 lava snakes (Lair:4)
  9 komodo dragon simulacra (IceCv)
  A centaur zombie (D:8)
  A bullfrog skeleton (Crypt:2)
  33 orc priests
  2 sleepcaps (D:5)
  3 hounds
  A gnoll bouda (D:5)
  Crazy Yiuf (D:6)
  An iguana (D:5)
  49 orc wizards
  7 hell rats (Lair:3)
  A polar bear simulacrum (Lair:2)
  An acid dragon zombie (Crypt:2)
  A hound skeleton (Crypt:2)
  17 gnolls
  6 acid dragon simulacra (IceCv)
  7 adders
  3 white imps
  2 ufetubi (D:6)
  5 steam dragon simulacra (IceCv)
  4 worms
  2 dart slugs
  90 orcs
  4 bats
  A bat skeleton (Crypt:1)
  3 endoplasms
  2 giant cockroaches
  9 goblins
  3 hobgoblins
  10 jackals
  3 quokkas
  4 ball pythons
  5 frilled lizards
  A goblin zombie (Crypt:1)
  12 kobolds
  7 rats
2456 creatures vanquished.

Vanquished Creatures (others)
  A quicksilver dragon (Zot:4)
  An eldritch tentacle (Zot:5)
  A storm dragon (Zot:4)
  A tengu reaver (Vaults:5)
  A fire giant (Depths:2)
  A ghost moth (Zot:4)
  A red draconian (Zot:3)
  A death yak (Lair:5)
  A deep elf knight (Elf:2)
  A swamp dragon (Swamp:4)
  A deep elf pyromancer (Elf:2)
  A bloated husk (Swamp:4)
  An orc priest (Orc:2)
  2 orc wizards (Orc:2)
  7 foxfires (Swamp:4)
  2 starspawn tentacles (Snake:4)
24 creatures vanquished.

Grand Total: 2480 creatures vanquished

Table legend:
 A = Non-vault XP
 B = Vault XP
 C = Vault XP percentage of total XP
 D = Non-vault monster count
 E = Vault monster count
 F = Vault count percentage of total count
                 A         B        C        D         E       F
            +---------+---------+-------+---------+---------+-------
      Total |  719487 |  796759 |  52.5 |    1352 |    1082 |  44.5
            +---------+---------+-------+---------+---------+-------
        D:1 |      22 |       0 |   0.0 |      13 |       0 |   0.0
        D:2 |      48 |       0 |   0.0 |      18 |       0 |   0.0
        D:3 |     221 |      18 |   7.5 |      24 |       4 |  14.3
        D:4 |     514 |       6 |   1.2 |      24 |       2 |   7.7
        D:5 |     664 |     194 |  22.6 |      16 |       4 |  20.0
        D:6 |    1089 |     204 |  15.8 |      26 |       2 |   7.1
        D:7 |    1926 |       0 |   0.0 |      25 |       0 |   0.0
        D:8 |    1805 |     401 |  18.2 |      23 |       6 |  20.7
        D:9 |    2939 |     719 |  19.7 |      24 |      16 |  40.0
       D:10 |    3233 |    3875 |  54.5 |      21 |      39 |  65.0
       D:11 |    3664 |       0 |   0.0 |      14 |       0 |   0.0
       D:12 |    5432 |       0 |   0.0 |      21 |       0 |   0.0
       D:13 |    8750 |    6133 |  41.2 |      14 |      20 |  58.8
       D:14 |    5064 |    1442 |  22.2 |      13 |       1 |   7.1
       D:15 |   21023 |    3576 |  14.5 |      37 |       6 |  14.0
     Lair:1 |    6134 |       0 |   0.0 |      21 |       0 |   0.0
     Lair:2 |    4040 |    4448 |  52.4 |      15 |      17 |  53.1
     Lair:3 |    4505 |    5780 |  56.2 |      16 |      29 |  64.4
     Lair:4 |    4927 |    2145 |  30.3 |      24 |       6 |  20.0
     Lair:5 |   21722 |   10862 |  33.3 |      57 |      23 |  28.8
    Swamp:1 |    7569 |       0 |   0.0 |      19 |       0 |   0.0
    Swamp:2 |    8814 |       0 |   0.0 |      13 |       0 |   0.0
    Swamp:3 |   12506 |       0 |   0.0 |      24 |       0 |   0.0
    Swamp:4 |   14443 |   17597 |  54.9 |      26 |      26 |  50.0
    Snake:1 |   12536 |   14888 |  54.3 |      28 |      25 |  47.2
    Snake:2 |   19329 |    9766 |  33.6 |      35 |      14 |  28.6
    Snake:3 |   17681 |    1275 |   6.7 |      33 |       2 |   5.7
    Snake:4 |   16531 |   36161 |  68.6 |      31 |      39 |  55.7
      Orc:1 |    1771 |      35 |   1.9 |      26 |       1 |   3.7
      Orc:2 |    4685 |   11460 |  71.0 |      43 |      62 |  59.0
      Elf:1 |   12576 |    6487 |  34.0 |      20 |      10 |  33.3
      Elf:2 |   13559 |    8431 |  38.3 |      22 |      10 |  31.2
      Elf:3 |   16666 |   32453 |  66.1 |      30 |      32 |  51.6
   Vaults:1 |   29001 |   22299 |  43.5 |      46 |      29 |  38.7
   Vaults:2 |   25367 |   15449 |  37.9 |      43 |      20 |  31.7
   Vaults:3 |   16846 |   30843 |  64.7 |      25 |      35 |  58.3
   Vaults:4 |   31238 |   81869 |  72.4 |      36 |      81 |  69.2
   Vaults:5 |   15442 |   63460 |  80.4 |      22 |      60 |  73.2
    Crypt:1 |   34578 |       0 |   0.0 |      55 |       0 |   0.0
    Crypt:2 |   24735 |     801 |   3.1 |      37 |       1 |   2.6
    Crypt:3 |       0 |   69867 | 100.0 |       0 |     129 | 100.0
   Depths:1 |   28282 |    2487 |   8.1 |      35 |       3 |   7.9
   Depths:2 |   37602 |   43862 |  53.8 |      49 |      44 |  47.3
   Depths:3 |   33887 |   83328 |  71.1 |      43 |      64 |  59.8
   Depths:4 |   30099 |   34079 |  53.1 |      37 |      30 |  44.8
      Zot:1 |   30432 |       0 |   0.0 |      25 |       0 |   0.0
      Zot:2 |   24601 |    1505 |   5.8 |      23 |       1 |   4.2
      Zot:3 |   27686 |   54035 |  66.1 |      21 |      40 |  65.6
      Zot:4 |   51201 |   34700 |  40.4 |      44 |      26 |  37.1
      Zot:5 |   22102 |   40913 |  64.9 |      15 |      18 |  54.5
     Bailey |       0 |    1017 | 100.0 |       0 |      14 | 100.0
      IceCv |       0 |    3882 | 100.0 |       0 |      28 | 100.0
 Desolation |       0 |   32982 | 100.0 |       0 |      62 | 100.0
      Arena |       0 |    1025 | 100.0 |       0 |       1 | 100.0
            +---------+---------+-------+---------+---------+-------

Skill      XL: |  1  2  3  4  5  6  7  8  9 10 11 12 13 14 15 16 17 18 19 20 21 22 23 24 25 26 27 |
---------------+----------------------------------------------------------------------------------+-----
Stealth        | 1 2 |  2.0
Maces & Flails | 3 4 6 7 |  7.0
Fighting       | 3 4 6 9 12 14 16 17 20 21 22 | 22.0
Translocations | 1 2 |  2.7
Conjurations   | 4 8 9 10 | 10.4
Axes           | 6 10 11 13 15 17 | 17.5
Shields        | 3 6 8 11 12 13 15 | 15.0
Invocations    | 7 10 20 22 | 22.3
Dodging        | 4 6 9 12 15 16 | 16.0
Armour         | 4 6 13 16 18 19 20 | 20.0
Evocations     | 4 |  4.0
Transmutations | 6 8 |  8.4
Spellcasting   | 4 5 6 7 8 |  8.0
Ice Magic      | 3 8 9 10 12 | 12.0
Air Magic      | 3 8 9 10 | 10.3

Action                     |  1- 3 |  4- 6 |  7- 9 | 10-12 | 13-15 | 16-18 | 19-21 | 22-24 | 25-27 || total
---------------------------+-------+-------+-------+-------+-------+-------+-------+-------+-------++-------
  Melee: Mace              |    75 |     2 |       |       |       |       |       |       |       ||    77
         Flail             |       |   110 |    51 |       |       |       |       |       |       ||   161
         Punch             |       |       |     4 |     2 |       |       |       |       |       ||     6
         War axe           |       |       |   173 |   705 |   318 |       |       |       |       ||  1196
         Broad axe         |       |       |       |       |   706 |  1032 |  1184 |  1465 |  1098 ||  5485
  Throw: Dart              |     4 |    13 |    51 |     9 |     7 |       |       |       |       ||    84
   Cast: Momentum Strike   |       |       |     7 |     1 |       |       |       |       |       ||     8
         Wereblood         |       |       |       |       |       |    25 |    26 |    24 |    13 ||    88
         Freezing Cloud    |       |       |       |       |       |       |    22 |     1 |       ||    23
         Ozocubu's Armour  |       |       |       |       |       |       |       |     1 |     8 ||     9
 Invoke: Heroism           |       |       |       |     4 |    19 |    28 |    23 |    37 |    18 ||   129
         Receive Weapon    |       |       |       |       |     1 |       |       |       |       ||     1
         Receive Armour    |       |       |       |       |     1 |       |       |       |       ||     1
         Finesse           |       |       |       |       |     7 |    11 |    14 |    15 |    15 ||    62
         Duel              |       |       |       |       |       |       |       |       |     1 ||     1
Ability: Word of Chaos     |       |       |       |       |       |       |       |       |     2 ||     2
  Evoke: Wand              |       |       |     5 |    15 |    24 |     9 |    18 |       |     9 ||    80
         Lightning rod     |       |       |       |       |     4 |     6 |     4 |       |       ||    14
         Tin of tremorston |       |       |       |       |     2 |     4 |     1 |       |       ||     7
    Use: Scroll            |     2 |     1 |     8 |    10 |    19 |    13 |     5 |    14 |    12 ||    84
         Potion            |       |     1 |     1 |    12 |    14 |     6 |     2 |     2 |     7 ||    45
   Stab: Sleeping          |     5 |     1 |     2 |     1 |     4 |     7 |     5 |       |       ||    25
         Distracted        |       |     1 |     1 |     1 |     3 |       |     3 |     1 |     1 ||    11
         Paralysed         |       |       |     5 |    17 |     5 |     3 |     2 |       |       ||    32
         Invisible         |       |       |       |     1 |     4 |       |       |       |     4 ||     9
 Armour: Leather armour    |    36 |    71 |    66 |       |   425 |   644 |   362 |       |       ||  1604
         Ring mail         |       |       |   106 |   467 |   246 |       |       |       |       ||   819
         Plate armour      |       |       |       |       |       |       |   222 |   971 |    87 ||  1280
         Crystal plate arm |       |       |       |       |       |       |       |       |   987 ||   987
  Dodge: Dodged            |    31 |    69 |   117 |   222 |   701 |  1066 |   691 |   724 |   556 ||  4177
  Block: Kite shield       |       |       |       |   238 |   157 |       |   468 |  1573 |  1266 ||  3702
         Buckler           |       |       |       |       |   262 |   383 |   146 |       |       ||   791

Illustrated notes

Table legend:
 A = Kills in this place as a percentage of kills in the entire game.
 B = Kills by you in this place as a percentage of kills by you in the entire game.
 C = Kills by friends in this place as a percentage of kills by friends in the entire game.
 D = Other kills in this place as a percentage of other kills in the entire game.
 E = Experience gained in this place as a percentage of experience gained in the entire game.
 F = Experience gained in this place divided by the number of levels of this place that you have seen.
                   A       B       C       D       E      F
               +-------+-------+-------+-------+-------+----------------------
         Total | 100.0 | 100.0 |   N/A | 100.0 | 100.0 | 28148.0
       Dungeon |  17.7 |  17.8 |   N/A |   0.0 |   6.3 | 6522.5
          Lair |   8.4 |   8.4 |   N/A |  10.0 |   4.2 | 12912.6
         Swamp |   4.4 |   4.4 |   N/A |  10.0 |   3.9 | 15232.2
     Snake Pit |   8.4 |   8.4 |   N/A |   0.0 |   8.3 | 32041.8
  Orcish Mines |   5.4 |   5.3 |   N/A |  10.0 |   1.2 | 8975.5
   Elven Halls |   5.0 |   5.0 |   N/A |  10.0 |   5.8 | 30057.3
        Vaults |  16.1 |  16.1 |   N/A |  10.0 |  21.4 | 66362.8
         Crypt |   9.0 |   9.0 |   N/A |   0.0 |   8.4 | 43327.0
        Depths |  12.6 |  12.6 |   N/A |  10.0 |  19.4 | 74964.5
           Zot |   8.7 |   8.6 |   N/A |  40.0 |  18.6 | 57591.8
        Bailey |   0.6 |   0.6 |   N/A |   0.0 |   0.1 | 1017.0
      Ice Cave |   1.1 |   1.1 |   N/A |   0.0 |   0.3 | 3882.0
    Desolation |   2.5 |   2.5 |   N/A |   0.0 |   2.1 | 32982.0
         Arena |   0.0 |   0.0 |   N/A |   0.0 |   0.1 | 1025.0
               +-------+-------+-------+-------+-------+----------------------

Table legend: (Time is in decaauts)
 A = Elapsed time spent in this place.
 B = Non-inter-level travel time spent in this place.
 C = Inter-level travel time spent in this place.
 D = Time resting spent in this place.
 E = Time spent auto-exploring this place.
 F = Levels seen in this place.
 G = Mean time per level.
                   A        B        C        D        E       F      G
               +--------+--------+--------+--------+--------+-----+--------+
         Total |  87002 |  80432 |   6570 |  20651 |  41488 |  55 | 1581.9 |
       Dungeon |  20497 |  18194 |   2303 |   4259 |  10123 |  15 | 1366.5 |
        Temple |     14 |      7 |      7 |      0 |      0 |   1 |   14.0 |
          Lair |   9511 |   9047 |    464 |   2184 |   5063 |   5 | 1902.2 |
         Swamp |   4526 |   4373 |    153 |    890 |   2641 |   4 | 1131.5 |
     Snake Pit |   6714 |   6291 |    423 |   1350 |   3568 |   4 | 1678.5 |
  Orcish Mines |   2079 |   1915 |    164 |    174 |   1171 |   2 | 1039.5 |
   Elven Halls |   5633 |   5446 |    187 |   1440 |   2989 |   3 | 1877.7 |
        Vaults |  13263 |  11715 |   1548 |   3716 |   5595 |   5 | 2652.6 |
         Crypt |   4068 |   3948 |    120 |   1124 |   1825 |   3 | 1356.0 |
        Depths |  10385 |   9741 |    644 |   2748 |   4847 |   4 | 2596.2 |
           Zot |   7671 |   7118 |    553 |   1857 |   3277 |   5 | 1534.2 |
        Bailey |    465 |    465 |      0 |    216 |    115 |   1 |  465.0 |
      Ice Cave |    839 |    839 |      0 |    288 |    122 |   1 |  839.0 |
    Desolation |   1305 |   1305 |      0 |    392 |    151 |   1 | 1305.0 |
         Arena |     25 |     25 |      0 |     11 |      0 |   1 |   25.0 |
               +--------+--------+--------+--------+--------+-----+--------+

Top non-repeatable levels by time:
Vaults:4: 4066 daAuts
Depths:3: 3416 daAuts
  Lair:5: 3279 daAuts
   Elf:3: 3023 daAuts
Depths:4: 2785 daAuts
Vaults:2: 2631 daAuts
Vaults:1: 2505 daAuts
 Crypt:3: 2489 daAuts
   Zot:3: 2432 daAuts
Depths:2: 2398 daAuts
Vaults:5: 2219 daAuts
    D:15: 2176 daAuts
    D:10: 2157 daAuts
 Snake:1: 2098 daAuts
Vaults:3: 1840 daAuts
